 Dungeon Crawl Stone Soup version 0.27-a0-660-g90476cec82 (webtiles) character file.

Game seed: 6040359219740323016

1068196 sanka the Conqueror (level 27, -5/199 HPs)
             Began as a Gargoyle Monk on Mar 13, 2021.
             Was the Champion of Cheibriados.
             Killed from afar by a starcursed mass (12 damage)
             ... with an accursed screaming
             ... on level 1 of the Abyss on Mar 16, 2021.
             The game lasted 04:00:00 (94650 turns).

sanka the Conqueror (Gargoyle Monk)                Turns: 94650, Time: 04:00:01

Health: -5/199     AC: 72    Str: 38    XL:     27
Magic:  0/26       EV: 45    Int: 34    God:    Cheibriados [******]
Gold:   6867       SH: 31    Dex: 41    Spells: 27/34 levels left

rFire    + + +     SeeInvis +   a - +14 obsidian axe {vorpal, *Drain +Fly SInv}
rCold    + + .     Faith    .   g - +0 tower shield {rC+ rF+}
rNeg     + . .     Spirit   +   X - +12 gold dragon scales
rPois    ∞         Reflect  .   W - +0 mask of the Dragon {Will+ Slay+3 SInv}
rElec    +         Harm     .   l - +1 cloak of Starlight {*Dazzle EV+4 Stlth--}
rCorr    .         Rampage  .   x - +2 pair of gloves
Will     ++++.     Rnd*Tele +   C - +2 pair of boots of Polish {Int+4 Stlth+}
Stlth    ..........             d - amulet "Tiug" {Spirit Will+ Dex+3}
HPRegen  0.00/turn              H - ring "Vociug" {rPois Str+4 Dex+6 Slay+2}
MPRegen  0.20/turn              w - ring "Zimnunej" {rF+ AC+4 Dex+2}

@: flying, mesmerised, studying 2 skills, very slow
A: AC +20, big wings, negative energy resistance 1, electricity resistance,
torment resistance 1, unbreathing 1, petrification resistance, horns 1, talons
1, yellow scales 1, deformed body, dopey 1, fire resistance 1, low mp 2, shaggy
fur 1, inhibited regeneration, teleportitis 2, evolution 1, no potion heal 1,
sturdy frame 1
}: 10/15 runes: barnacled, slimy, silver, abyssal, demonic, glowing, magical,
fiery, dark, gossamer
a: Stop Flying, Renounce Religion, Bend Time, Temporal Distortion, Slouch, Step
From Time


You were on level 1 of the Abyss.
You worshipped Cheibriados.
Cheibriados was exalted by your worship.
You visited 13 branches of the dungeon, and saw 59 of its levels.
You visited Pandemonium 1 time, and saw 13 of its levels.
You visited the Abyss 3 times.
You also visited: Sewer, Volcano and Desolation.

You collected 15603 gold pieces.
You spent 8736 gold pieces at shops.


Innate Abilities, Weirdness & Mutations

Your stone body is resilient. (AC +20)
You are immune to poison.
Your large and strong wings let you fly indefinitely.
You resist negative energy. (rN+)
You are resistant to electric shocks. (rElec)
You are resistant to unholy torment.
You can survive without breathing.
You are immune to petrification.
You have a pair of small horns on your head.
You have sharp toenails.
You are partially covered in yellow scales. (AC +2)
Armour fits poorly on your strangely shaped body.
You are dopey. (Int -2)
Your flesh is heat resistant. (rF+)
Your magical capacity is very low. (-20% MP)
You are covered in fur. (AC +1)
You do not regenerate when monsters are visible.
You are sometimes teleported next to monsters.
You evolve.
Potions are less effective at restoring your health.
Your movements are slightly less encumbered by armour. (ER -2)


   Skills:
 O Level 27 Fighting
 - Level 18.0 Axes
 O Level 27 Armour
 + Level 25.2 Dodging
 - Level 2.1 Stealth
 - Level 25.0 Shields
 - Level 4.0 Spellcasting
 - Level 12.0 Translocations
 - Level 14.0 Invocations
 - Level 14.0 Evocations


You had 27 spell levels left.
You knew the following spells:

 Your Spells              Type           Power      Damage    Failure   Level
e - Apportation           Tloc           100%       N/A       1%          1
z - Manifold Assault      Tloc           73%        N/A       1%          4
N - Passwall              Tmut/Erth      5%         N/A       22%         2

Your spell library contained the following spells:

 Spells                   Type           Power      Damage    Failure   Level
 Blink                    Tloc           N/A        N/A       1%          2
 Gell's Gravitas          Tloc           36%        N/A       1%          3
 Lesser Beckoning         Tloc           36%        N/A       1%          3
 Passage of Golubria      Tloc           N/A        N/A       1%          4
 Portal Projectile        Hex/Tloc       94%        N/A       3%          3
 Iskenderun's Mystic Bla  Conj/Tloc      47%        2d10      12%         4
 Animate Skeleton         Necr           12%        N/A       14%         1
 Beastly Appendage        Tmut           12%        N/A       14%         1
 Corona                   Hex            6%         N/A       14%         1
 Foxfire                  Conj/Fire      24%        2x1d5     14%         1
 Freeze                   Ice            24%        1d5       14%         1
 Magic Dart               Conj           24%        1d4       14%         1
 Pain                     Necr           24%        1d5       14%         1
 Shock                    Conj/Air       24%        1d4       14%         1
 Sting                    Tmut/Pois      24%        1d4       14%         1
 Summon Small Mammal      Summ           24%        N/A       14%         1
 Dispersal                Tloc           36%        N/A       16%         6
 Call Imp                 Summ           6%         N/A       22%         2
 Corpse Rot               Necr/Air       N/A        N/A       22%         2
 Ensorcelled Hibernation  Hex/Ice        12%        N/A       22%         2
 Poisonous Vapours        Pois/Air       12%        N/A       22%         2
 Searing Ray              Conj           12%        3d3       22%         2
 Slow                     Hex            6%         N/A       22%         2
 Swiftness                Air            6%         N/A       22%         2
 Wereblood                Tmut           6%         N/A       22%         2
 Summon Forest            Summ/Tloc      23%        N/A       34%         5
 Call Canine Familiar     Summ           6%         N/A       41%         3
 Confusing Touch          Hex            6%         N/A       41%         3
 Conjure Flame            Conj/Fire      6%         6-21      41%         3
 Dazzling Flash           Conj/Hex       12%        N/A       41%         3
 Ignite Poison            Fire/Tmut/Pois 6%         N/A       41%         3
 Inner Flame              Hex/Fire       6%         N/A       41%         3
 Mephitic Cloud           Conj/Pois/Air  6%         N/A       41%         3
 Ozocubu's Armour         Ice            6%         N/A       41%         3
 Spider Form              Tmut/Pois      3%         N/A       41%         3
 Static Discharge         Conj/Air       6%         N/A       41%         3
 Summon Guardian Golem    Hex/Summ       6%         N/A       41%         3
 Tukima's Dance           Hex            6%         N/A       41%         3
 Vampiric Draining        Necr           3%         2d6       41%         3
 Airstrike                Air            3%         N/A       82%         4
 Animate Dead             Necr           3%         N/A       82%         4
 Cause Fear               Hex            3%         N/A       82%         4
 Dispel Undead            Necr           6%         3d8       82%         4
 Fulminant Prism          Conj/Hex       3%         3d6       82%         4
 Leda's Liquefaction      Hex/Erth       3%         N/A       82%         4
 Olgreb's Toxic Radiance  Pois           6%         N/A       82%         4
 Petrify                  Tmut/Erth      6%         N/A       82%         4
 Sticky Flame             Conj/Fire      6%         2d3       82%         4
 Summon Ice Beast         Ice/Summ       6%         N/A       82%         4
 Summon Lightning Spire   Summ/Air       6%         N/A       82%         4
 Agony                    Necr           6%         N/A       99%         5
 Alistair's Intoxication  Tmut/Pois      4%         N/A       99%         5
 Bolt of Magma            Conj/Fire/Erth 3%         4d5       99%         5
 Borgnjor's Vile Clutch   Necr/Erth      3%         N/A       99%         5
 Excruciating Wounds      Necr           3%         N/A       99%         5
 Fireball                 Conj/Fire      3%         3d4       99%         5
 Irradiate                Conj/Tmut      3%         3d14      99%         5
 Iskenderun's Battlesphe  Conj           6%         2d6       99%         5
 Lee's Rapid Deconstruct  Erth           3%         3d6*      99%         5
 Lightning Bolt           Conj/Air       3%         1d14      99%         5
 Metabolic Englaciation   Hex/Ice        3%         N/A       99%         5
 Silence                  Hex/Air        3%         N/A       99%         5
 Summon Mana Viper        Hex/Summ       6%         N/A       99%         5
 Yara's Violent Unravell  Hex/Tmut       3%         3d4       99%         5
 Conjure Ball Lightning   Conj/Air       3%         3x3d6     100%        6
 Death Channel            Necr           3%         N/A       100%        6
 Eringya's Noxious Bog    Tmut/Pois      3%         N/A       100%        6
 Freezing Cloud           Conj/Ice/Air   3%         6-21      100%        6
 Hydra Form               Tmut           3%         N/A       100%        6
 Invisibility             Hex            6%         N/A       100%        6
 Iron Shot                Conj/Erth      3%         9d2       100%        6
 Shadow Creatures         Summ           N/A        N/A       100%        6
 Simulacrum               Ice/Necr       3%         N/A       100%        6
 Starburst                Conj/Fire      3%         8x6d3     100%        6
 Dragon Form              Tmut           3%         N/A       100%        7
 Haunt                    Necr/Summ      3%         N/A       100%        7
 Malign Gateway           Summ/Tloc      23%        N/A       100%        7
 Monstrous Menagerie      Summ           3%         N/A       100%        7
 Orb of Destruction       Conj           3%         9d1       100%        7
 Spellforged Servitor     Conj/Summ      3%         N/A       100%        7
 Summon Hydra             Summ           3%         N/A       100%        7
 Borgnjor's Revivificati  Necr           3%         N/A       100%        8
 Discord                  Hex            3%         N/A       100%        8
 Disjunction              Tloc           36%        N/A       100%        8
 Ignition                 Fire           3%         3d4       100%        8
 Infestation              Necr           3%         N/A       100%        8
 Necromutation            Tmut/Necr      3%         N/A       100%        8
 Summon Horrible Things   Summ           3%         N/A       100%        8
 Death's Door             Necr           3%         N/A       100%        9
 Dragon's Call            Summ           3%         N/A       100%        9
 Tornado                  Air            3%         N/A       100%        9
 Sublimation of Blood     Necr           Unusable   N/A       N/A         2
 Statue Form              Tmut/Erth      Unusable   N/A       N/A         6

Inventory:

Hand Weapons
 a - the +14 obsidian axe (weapon) {vorpal, *Drain +Fly SInv}

   It inflicts extra damage upon your enemies.
   It lets you see invisible.
   It lets you fly.
   It causes draining when unequipped.
 b - a +9 broad axe of flaming
 v - the +3 Elemental Staff {rElec rF++ rC++ Will++ AC+5}

   It affects your AC (+5).
   It greatly protects you from fire.
   It greatly protects you from cold.
   It insulates you from electricity.
   It affects your willpower, your defense against some magical effects.
 E - a +9 antimagic broad axe
 F - the +6 sword of Cerebov {flame}

   It has been specially enchanted to burn those struck by it, causing extra
   injury to most foes and up to half again as much damage against particularly
   susceptible opponents.
   Big, fiery blades are also staple armaments of hydra-hunters.
 K - a +2 trishula of holy wrath
Missiles
 G - 2 curare-tipped darts {=f}
Armour
 g - a +0 tower shield of resistance (worn)
 l - the +1 cloak of Starlight (worn) {*Dazzle EV+4 Stlth--}

   It affects your evasion (+4).
   It makes you much less stealthy.
 x - a +2 pair of gloves (worn)
 C - the +2 pair of boots of Polish (worn) {Int+4 Stlth+}

   It affects your intelligence (+4).
   It makes you more stealthy.
 W - the +0 mask of the Dragon (worn) {Will+ Slay+3 SInv}

   It affects your accuracy and damage with ranged weapons and melee attacks
   (+3).
   It affects your willpower, your defense against some magical effects.
   It lets you see invisible.
 X - +12 gold dragon scales (worn)
Jewellery
 d - the amulet "Tiug" (around neck) {Spirit Will+ Dex+3}

   [amulet of guardian spirit]

   It causes incoming damage to be split between your health and magic.
   It affects your dexterity (+3).
   It affects your willpower, your defense against some magical effects.
 k - the ring "Owkoick" {rElec rC- EV+4 Dex+9}

   [ring of evasion]

   It affects your evasion (+4).
   It affects your dexterity (+9).
   It makes you vulnerable to cold.
   It insulates you from electricity.
 w - the ring "Zimnunej" (left hand) {rF+ AC+4 Dex+2}

   [ring of protection]

   It affects your AC (+4).
   It affects your dexterity (+2).
   It protects you from fire.
 A - the necklace of Bloodlust {*Rage +Rage Will++ Int-3 Slay+6}

   [amulet of nothing]

   It affects your intelligence (-3).
   It affects your accuracy and damage with ranged weapons and melee attacks
   (+6).
   It affects your willpower, your defense against some magical effects.
   It lets you go berserk.
   It may make you go berserk in combat.
 B - a +4 ring of slaying
 H - the ring "Vociug" (right hand) {rPois Str+4 Dex+6 Slay+2}

   [ring of dexterity]

   It affects your strength (+4).
   It affects your dexterity (+6).
   It affects your accuracy and damage with ranged weapons and melee attacks
   (+2).
   It protects you from poison.
 L - a ring of protection from cold
 U - the ring of the Sky {+Inv rElec rPois AC+4 Str+4}

   [ring of protection]

   It affects your AC (+4).
   It affects your strength (+4).
   It insulates you from electricity.
   It protects you from poison.
   It lets you turn invisible.
 Y - the ring "Loajoatz" {rCorr Str+2}

   [ring of resist corrosion]

   It affects your strength (+2).
   It provides partial protection from all sources of acid and corrosion.
Wands
 f - a wand of iceblast (57)
 y - a wand of mindburst (41)
 P - a wand of digging (43)
 S - a wand of acid (24)
Scrolls
 c - 9 scrolls of magic mapping
 h - 3 scrolls of enchant armour
 i - 23 scrolls of blinking
 o - 11 scrolls of fog
 q - 39 scrolls of teleportation {@r4}
 r - 3 scrolls of enchant weapon
 z - 5 scrolls of summoning
 I - 12 scrolls of fear
 M - 2 scrolls of silence {!r}
 V - 7 scrolls of holy word
Potions
 e - 22 potions of ambrosia
 j - 33 potions of curing {@q1}
 m - 5 potions of invisibility
 n - 3 potions of magic
 s - a potion of cancellation
 u - 19 potions of brilliance
 D - 3 potions of resistance
 J - 13 potions of attraction {!q}
 N - 10 potions of heal wounds {@q2}
 O - 8 potions of might
 T - 2 potions of mutation {!q}
Miscellaneous
 p - a tin of tremorstones (2/2)
 t - a condenser vane

Dungeon Overview and Level Annotations

Branches:
Dungeon (15/15)            Temple (1/1) D:6            Lair (6/6) D:8
 Shoals (4/4) Lair:2       Spider (4/4) Lair:2        Slime (5/5) Lair:5
    Orc (2/2) D:11            Elf (3/3) Orc:2        Vaults (5/5) D:14
  Crypt (3/3) Vaults:2       Tomb (0/3) Crypt:3      Depths (5/5) D:15
   Hell (visited)             Dis (0/7) Hell            Geh (0/7) Hell
    Coc (0/7) Hell            Tar (0/7) Hell            Zot (5/5) Depths:5
  Sewer (visited)         Volcano (visited)         Desolation (visited)

Altars:
Ashenzari
Cheibriados
Dithmenos
Elyvilon
Fedhas
Gozag
Hepliaklqana
Kikubaaqudgha
Makhleb
Nemelex Xobeh
Okawaru
Qazlal
Ru
Sif Muna
Trog
Uskayaw
Vehumet
Wu Jian
Xom
Yredelemnul
Zin
The Shining One
Beogh
Jiyva

Shops:
D:12 **([(   Orc:2 [[?([   Elf:2 *??   Shoals:1 *!((   Shoals:2 *!((
Vaults:4 *(   Depths:2 (   Depths:5 ([**

Portals:
Hell: Lair:6 Depths:1 Depths:2 Depths:3 Depths:4 Depths:5
Abyss: Depths:1 Depths:4
Pandemonium: Depths:3
Ziggurat: Depths:4

.. .. .▒ . . .
.▒. ▒. ▒. .▒▒ ▒
▒▒.▒.▒▒▒..▒▒▒.▒
..≈....≈.───X..
..≈..3#3w.w─...
......#3#..▒
...wXXu8)..▒
../.≈..†.▒▒▒▒
.│..≈.£XX▒ ..▒▒
.X.X#..2X'....A.
..X.≈...''X....
...X≈.....X. ..
.......▒▒.......
....... ▒▒▒..
......▒ =..


You could see 8 starcursed masses, a green very ugly thing (mesmerising), a
cacodemon, 2 tentacled starspawn, 2 large abominations, 3 starspawn tentacles, a
friendly sun demon (summoned), a friendly smoke demon (summoned) and a friendly
ynoxinul (summoned).


Message History

A starcursed mass splits.
Tentacles burst from the starspawn's body!
A starcursed mass splits.
The purple very ugly thing pecks your smoke demon!!
A deafening chorus of shrieks assaults your mind!
* * * LOW HITPOINT WARNING * * *
You block the shambling mangrove's attack. 2 starspawn tentacles come into view.
You slash the shambling mangrove!
The shambling mangrove is almost destroyed.
The starspawn tentacle grabs your sun demon.
The starspawn tentacle constricts your sun demon.
A starcursed mass splits.
A starcursed mass splits.
Unknown command.
You slice the shambling mangrove!!
You break out of your daze!
You destroy the shambling mangrove!
Cheibriados appreciates the change of pace.
You slice the starspawn tentacle!!
You destroy the starspawn tentacle!
You slash the green very ugly thing! You open a gate to Pandemonium!
Visions of slaying the green very ugly thing flood into your mind.
Your sun demon hits the purple very ugly thing!!
The purple very ugly thing is engulfed in flames!
The purple very ugly thing dies!
Cheibriados thoroughly appreciates the change of pace.
A cacophony of accursed wailing tears at your sanity!
You die...

Action                   |  1- 3 |  4- 6 |  7- 9 | 10-12 | 13-15 | 16-18 | 19-21 | 22-24 | 25-27 || total
-------------------------+-------+-------+-------+-------+-------+-------+-------+-------+-------++-------
Melee: Hand axe          |   119 |   289 |    71 |       |       |       |       |       |       ||   479
       War axe           |       |       |   267 |   348 |       |     4 |       |       |       ||   619
       Dire flail        |       |       |       |     9 |       |       |       |       |       ||     9
       Broad axe         |       |       |       |   116 |   797 |  1032 |   892 |  1047 |  4836 ||  8720
       Headbutt          |       |       |       |       |       |       |       |       |   944 ||   944
 Cast: Manifold Assault  |       |       |       |       |       |       |       |       |    52 ||    52
Invok: Slouch            |       |       |       |     1 |     4 |    13 |       |     2 |    13 ||    33
       Temporal Distorti |       |       |       |     2 |       |     4 |     1 |       |     3 ||    10
       Bend Time         |       |       |       |       |       |     4 |       |       |       ||     4
 Abil: Fly               |       |       |       |       |     1 |       |       |       |     1 ||     2
       Stop Flying       |       |       |       |       |       |       |       |     1 |       ||     1
Evoke: Wand              |       |     3 |     1 |     4 |       |     8 |     2 |       |     6 ||    24
       Condenser vane    |       |       |       |       |       |       |       |     1 |       ||     1
  Use: Scroll            |       |       |       |    14 |    13 |     8 |     5 |     4 |    28 ||    72
       Potion            |       |       |       |       |       |     1 |     3 |       |    24 ||    28
 Stab: Sleeping          |     3 |     3 |       |       |       |       |       |       |       ||     6
       Invisible         |       |       |       |       |     3 |    78 |    32 |    22 |   130 ||   265
       Distracted        |       |       |       |       |       |     4 |    15 |    18 |    97 ||   134
       Paralysed         |       |       |       |       |       |       |       |       |     2 ||     2
Armor: Robe              |    17 |    37 |       |       |       |       |       |       |       ||    54
       Ring mail         |    17 |    41 |       |       |       |       |       |       |       ||    58
       Plate armour      |       |    91 |   233 |   365 |   329 |       |   198 |   227 |   148 ||  1591
       Chain mail        |       |       |       |       |    37 |   412 |    37 |       |       ||   486
       Gold dragon scale |       |       |       |       |       |       |       |       |  1093 ||  1093
Dodge: Dodged            |    63 |   135 |    85 |   369 |   818 |  1156 |   466 |   603 |  2940 ||  6635
Block: Other             |    18 |    70 |    31 |       |       |       |       |       |       ||   119
       Kite shield       |       |       |       |       |       |   670 |   683 |   766 |  2753 ||  4872
       Tower shield      |       |       |       |       |       |       |       |       |  1728 ||  1728

Levels and vault maps discovered:
D:1:      lemuel_arrival_river_ford, layout_loops_cross
D:2:      layout_rooms, chequers_ecumenical_altar_simple_redux, uniq_terence
D:3:      minmay_bubble_buster, layout_loops_corners, gammafunk_ghost_grave
D:4:      layout_loops_ring, serial_undead, serial_undead_b, serial_undead_b,
          serial_undead_f, serial_undead_f, serial_undead_a, serial_undead_b,
          serial_undead_a, serial_undead_e, cheibrodos_sewer_entry_drain,
          brannock_xom_greatest_gift
D:5:      layout_loops_cross, uniq_grinder, uniq_blork_the_orc, uniq_duvessa,
          uniq_crazy_yiuf_cottage
D:6:      layout_cave_pools, lemuel_coloured_pillars_altar,
          minmay_temple_entry_butterflies
D:7:      layout_basic, st_stairs_1
D:8:      gammafunk_sealed_arena, layout_gridville, grunt_temple_overflow_open,
          erik_lair_island
D:9:      layout_long_grid
D:10:     layout_long_grid, lemuel_old_faithful
D:11:     layout_roguey, orc_0_dummy
D:12:     layout_roguey, serial_shops, nicolae_shop_stone,
          nicolae_shop_window_shopping, nicolae_shop_window_shopping, shop,
          shop, basic_altar, small_statue_alley_a
D:13:     layout_loops_cross, special_room [special_room_bee]
D:14:     layout_long_grid, erik_vaults_2
D:15:     gammafunk_enter_depths_forms, layout_basic
Temple:   eino_temple_scatter_basement
Lair:1:   layout_concentric_octagons, nicolae_volcano_entry_hallway,
          hangedman_lair_unloving_vines, lemuel_oklob_altar
Lair:2:   layout_roguey, minmay_shoals_entry_beasts,
          nicolae_spider_entry_non_spiders, nicolae_quartered_pool_medium,
          grunt_megastairs_3
Lair:3:   layout_cave_pods, special_room, chequers_serial_rivers_marsh,
          st_stairs_5, serial_bayou_shore_b, minmay_lair_oklob_chamber
Lair:4:   layout_regular_city, uniq_nessos
Lair:5:   layout_cave_pods, dpeg_slime_entry_enclosed_altar
Lair:6:   evil_forest, layout_cave_pods, st_stairs_9, serial_bayou_shore_b
Shoals:1: layout_shoals, serial_shops, nicolae_shop_behind_doors, shop,
          nicolae_shop_overgrown_old_shop, nicolae_shop_trees,
          nicolae_shoals_mertower
Shoals:2: cheibrodos_shoals_three_sisters, layout_shoals, serial_shops, shop,
          nicolae_shop_stone, nicolae_shop_temple_entry_statues_fountains,
          nicolae_shop_waterfront, uniq_ilsuiw
Shoals:3: layout_shoals
Shoals:4: shoals_end_grunt_garden, layout_shoals, ldierk_geyser,
          nicolae_shoals_circle_sea_wall, nicolae_shoals_this_corrosion
Spider:1: layout_spider_delve
Spider:2: layout_spider_delve
Spider:3: layout_spider_delve, uniq_bai_suzhen
Spider:4: grunt_spider_rune_parallel, drop_trap, uniq_asterion, uniq_arachne
Slime:1:  layout_caves, cheibrodos_slime_lost_civilization_5
Slime:2:  layout_caves
Slime:3:  layout_caves
Slime:4:  layout_caves
Slime:5
Orc:1:    layout_caves, uniq_nergalle, uniq_jorgrun
Orc:2:    st_orc_ogre_mass, layout_caves, serial_shops, shop_fountains,
          mines2_david
Elf:1:    eino_elf_arrival_altar, layout_gridlike, minivault_28, drop_trap,
          uniq_donald, uniq_agnes, uniq_roxanne
Elf:2:    layout_geoelf_octagon, basic_altar, serial_shops,
          nicolae_shop_waterfront, nicolae_shop_crystal, shop,
          ebering_ghost_inner_flame, nicolae_elf_w_pinch,
          corexii_leaking_fountain, minmay_misc_feat_cross, uniq_azrael
Elf:3:    minmay_elf_hall_x, layout_geoelf_castle, special_room
          [special_room_mythical_zoo]
Vaults:1: gammafunk_vaults_ghost_fury_of_okawaru, st_greater_box_1, v_misc_25,
          v_misc_12, v_misc_12, ontoclasm_vaults_loading_screen,
          nicolae_vaults_little_squares_4, vaults_room_stairs_pillars,
          ontoclasm_vaults_decontamination, vaults_dpeg_hooks,
          nicolae_vaults_little_squares_2, grunt_vaults_bifocal, v_misc_13,
          layout_vaults_maze, portal_desolation_entry_salt, uniq_saint_roka
Vaults:2: v_rooms_5, v_misc_31, minmay_crypt_entry_simple_walls, v_rooms_4,
          grunt_vaults_funnel, hangedman_vaults_pinch, vaults_room_door_hall,
          vaults_room_grid, nicolae_vaults_bisected_slash,
          vaults_room_hangedman_quadrants, layout_vaults_big_room, uniq_xtahua,
          uniq_nikola, uniq_boris
Vaults:3: vaults_room_octagon, v_rooms_6, v_alt_pattern_5,
          ontoclasm_vaults_loading_screen, ontoclasm_vaults_ligature,
          serial_ice_h, hangedman_vaults_trim, nicolae_vaults_little_squares_6,
          nicolae_vaults_angled_halls, layout_vaults_omnigrid
Vaults:4: nicolae_vaults_little_squares_4, vaults_room_boxed, v_rooms_1,
          v_misc_26, vaults_room_corners, grunt_vaults_focal,
          hangedman_vaults_corner_blocks, st_eye, vaults_room_door_hall,
          vaults_room_mumra_shop_pool, grunt_vaults_hallway_long,
          nicolae_vaults_little_squares_3, nicolae_vaults_sealed_display,
          layout_vaults_omnibox, serial_shops, nicolae_shop_stone, uniq_mennas
Vaults:5
Crypt:1:  layout_basic, hex_large, uniq_margery
Crypt:2:  layout_gridlike
Crypt:3:  grunt_crypt_end_deaths_head, uniq_jory, uniq_sojobo
Depths:1: layout_gridlike, hell_entry, abyss_entry_glasseish,
          gammafunk_ghost_wrathful_warriors, nicolae_benzene_ring,
          hangedman_abyss_or_decor_stagger, nrook_kobold_shadow_demons
Depths:2: minmay_the_grid_triangle_9x9_recursive_3_mashed
          [minmay_the_grid_triangle_9x9_wacky_v,
          minmay_the_grid_triangle_9x9_windchime,
          minmay_the_grid_triangle_9x9_fully_insulated_deathbox,
          minmay_the_grid_triangle_9x9_prize_center,
          minmay_the_grid_triangle_9x9_odd_lines,
          minmay_the_grid_triangle_9x9_stretched_checkered,
          minmay_the_grid_triangle_9x9_zippers_horizontal,
          minmay_the_grid_triangle_9x9_longest,
          minmay_the_grid_triangle_9x9_sparse_checkered], layout_cave_pools,
          serial_shops, kennysheep_mini_moat, grunt_metal_band,
          minmay_misc_feat_hallway, infiniplex_staircase_x
Depths:3: nzn_winding_woodlands_stair_cross [nzn_winding_woodlands_5x15_default,
          nzn_winding_woodlands_center_lodge, nzn_winding_woodlands_5x15_twine,
          nzn_winding_woodlands_hourglass, nzn_winding_woodlands_5x5_open_star,
          nzn_winding_woodlands_5x15_sidewinder,
          nzn_winding_woodlands_center_garden,
          nzn_winding_woodlands_5x15_crooked], layout_honeycomb,
          rand_demon_pan_entry_3, nrook_mini_vaults, hell_entry, nzn_random_ring
Depths:4: grunt_profane_halls [grunt_profane_temple_tar,
          grunt_profane_temple_coc, grunt_profane_temple_dis,
          grunt_profane_temple_geh, grunt_profane_loot], hell_entry, abyss_entry
Depths:5: evilmike_zot_entry_diamond, layout_gridville, nicolae_wwwww,
          hell_entry, chequers_serial_rivers_small_3, minmay_splitting_lines,
          minmay_shoptagon
Hell
Zot:1:    layout_misc_corridors
Zot:2:    minmay_elemental_castle, layout_basic, gammafunk_ghost_arena,
          zot_minivault_4
Zot:3:    lemuel_halls_of_wrath, layout_twisted_circle, st_stairs_13
Zot:4:    layout_onion_interference
Zot:5:    layout_cellular_growth, gammafunk_ghost_grave, grunt_ministairs_8
Abyss:1:  base: Zot:1, base: Zot:1, minivault_26, base:
Depths:1

Notes
Turn   | Place    | Note
-------+----------+-------------------------------------------
     0 | D:1      | sanka the Gargoyle Monk began the quest for the Orb.
     0 | D:1      | Reached XP level 1. HP: 14/14 MP: 1/1
   241 | D:1      | Reached skill level 3 in Axes
   241 | D:1      | Reached XP level 2. HP: 18/19 MP: 2/2
  1108 | D:2      | Reached XP level 3. HP: 24/24 MP: 3/3
  1128 | D:2      | Reached skill level 4 in Fighting
  1413 | D:2      | Noticed Terence
  1453 | D:2      | Killed Terence
  1454 | D:2      | Reached skill level 4 in Axes
  1454 | D:2      | Reached XP level 4. HP: 25/29 MP: 4/4
  1554 | D:2      | Found a faded altar of an unknown god.
  2166 | D:3      | Reached XP level 5. HP: 22/33 MP: 5/5
  3044 | D:3      | Reached skill level 5 in Axes
  3150 | D:3      | Found a runed translucent door.
  3150 | D:3      | Noticed kilomeow's ghost (amateur GnWn)
  3269 | D:4      | Found a glowing drain.
  3292 | Sewer    | Entered a sewer
  3330 | Sewer    | Noticed Purgy
  3356 | Sewer    | Killed Purgy
  3357 | Sewer    | Reached XP level 6. HP: 34/38 MP: 6/6
  3470 | D:3      | Reached skill level 6 in Axes
  3897 | D:4      | Reached XP level 7. HP: 43/43 MP: 7/7
  4055 | D:4      | Reached skill level 7 in Axes
  4247 | D:4      | Found a shimmering altar of Xom.
  4288 | D:4      | Reached skill level 1 in Armour
  4471 | D:4      | Reached XP level 8. HP: 48/48 MP: 8/8
  4743 | D:5      | Entered Level 5 of the Dungeon
  4761 | D:5      | Noticed Dowan
  4781 | D:5      | Noticed Duvessa
  4791 | D:5      | Killed Duvessa
  4792 | D:5      | Reached skill level 2 in Armour
  4792 | D:5      | Reached skill level 3 in Dodging
  4796 | D:5      | Killed Dowan
  4797 | D:5      | Reached skill level 8 in Axes
  4910 | D:5      | Noticed Blork the orc
  4917 | D:5      | Killed Blork the orc
  4969 | D:5      | Noticed Grinder
  4991 | D:5      | Killed Grinder
  4992 | D:5      | Reached skill level 5 in Fighting
  4992 | D:5      | Reached skill level 3 in Armour
  5082 | D:5      | HP: 1/49 [ogre/+0 giant club (13)]
  5515 | D:5      | Reached XP level 9. HP: 54/54 MP: 9/9
  5834 | D:5      | Found a runed translucent door.
  5835 | D:5      | Noticed Crazy Yiuf
  5840 | D:5      | Killed Crazy Yiuf
  5937 | D:6      | Found a staircase to the Ecumenical Temple.
  5948 | Temple   | Entered the Ecumenical Temple
  6134 | Temple   | Became a worshipper of Cheibriados the Contemplative
  6134 | Temple   | Reached * piety under Cheibriados
  6134 | Temple   | Reached ** piety under Cheibriados
  6234 | D:6      | Found a shimmering blue altar of Sif Muna.
  6320 | D:6      | Reached skill level 1 in Invocations
  6322 | D:6      | Reached skill level 4 in Dodging
  6324 | D:6      | Reached skill level 9 in Axes
  6324 | D:6      | Reached skill level 4 in Armour
  6742 | D:7      | Reached skill level 6 in Fighting
  6851 | D:7      | Reached skill level 2 in Invocations
  6922 | D:7      | Reached *** piety under Cheibriados
  7571 | D:8      | Found a transporter.
  7571 | D:8      | Found a transporter.
  7571 | D:8      | Noticed an obsidian statue
  7619 | D:8      | Noticed a cyclops
  7619 | D:8      | Noticed a fire dragon
  7621 | D:8      | Noticed a kobold demonologist
  7627 | D:8      | Found a blossoming altar of Fedhas.
  7644 | D:8      | Found an opulent altar of Gozag.
  7646 | D:8      | Found a stormy altar of Qazlal.
  7646 | D:8      | Found a sacrificial altar of Ru.
  7668 | D:8      | Reached skill level 3 in Invocations
  7668 | D:8      | Reached **** piety under Cheibriados
  7673 | D:8      | Reached skill level 5 in Armour
  7753 | D:8      | Reached XP level 10. HP: 61/61 MP: 12/12
  7779 | D:8      | Found a staircase to the Lair.
  7789 | D:8      | Reached skill level 10 in Axes
  8012 | D:8      | Reached skill level 7 in Fighting
  8058 | D:8      | Reached skill level 5 in Dodging
  8492 | D:8      | Noticed a two-headed ogre
  8500 | D:8      | Killed a two-headed ogre
  8501 | D:8      | Reached skill level 4 in Invocations
  8655 | D:8      | Reached skill level 6 in Armour
  9143 | D:9      | Reached ***** piety under Cheibriados
  9565 | D:9      | Noticed a two-headed ogre
  9570 | D:9      | Killed a two-headed ogre
  9571 | D:9      | Reached skill level 5 in Invocations
  9571 | D:9      | Reached XP level 11. HP: 43/68 MP: 14/14
  9988 | D:10     | Entered Level 10 of the Dungeon
 10050 | D:10     | Reached skill level 8 in Fighting
 10056 | D:10     | Reached skill level 11 in Axes
 10382 | D:10     | Reached skill level 7 in Armour
 10633 | D:11     | Noticed an eight-headed hydra
 10800 | D:11     | Reached ****** piety under Cheibriados
 10801 | D:11     | Reached skill level 6 in Dodging
 11041 | D:11     | Found a staircase to the Orcish Mines.
 11058 | D:11     | Killed an eight-headed hydra
 11348 | D:11     | Noticed a white ugly thing
 11352 | D:11     | Reached skill level 6 in Invocations
 11365 | D:11     | Killed a white ugly thing
 12043 | D:11     | Identified +0 steam dragon scales
 12429 | Lair:1   | Entered Level 1 of the Lair of Beasts
 12435 | Lair:1   | Found a dark tunnel.
 12447 | Volcano  | Entered a volcano
 12935 | Volcano  | Found a burning altar of Makhleb.
 12935 | Volcano  | Noticed a two-headed ogre
 12935 | Volcano  | Noticed an ogre mage
 12935 | Volcano  | Noticed a two-headed ogre
 12935 | Volcano  | Noticed a two-headed ogre
 12940 | Volcano  | Killed a two-headed ogre
 12941 | Volcano  | Reached skill level 9 in Fighting
 12941 | Volcano  | Reached XP level 12. HP: 73/76 MP: 16/16
 12945 | Volcano  | Killed a two-headed ogre
 12946 | Volcano  | Reached skill level 8 in Armour
 12948 | Volcano  | Killed a two-headed ogre
 12949 | Volcano  | Reached skill level 12 in Axes
 12957 | Volcano  | Killed an ogre mage
 12958 | Volcano  | Reached skill level 7 in Invocations
 13075 | Volcano  | Noticed a two-headed ogre
 13080 | Volcano  | Killed a two-headed ogre
 13303 | Volcano  | Noticed a red draconian
 13310 | Volcano  | Killed a red draconian
 13710 | Lair:1   | Reached skill level 7 in Dodging
 14093 | Lair:1   | Reached skill level 9 in Armour
 14225 | Lair:1   | Reached skill level 10 in Fighting
 14264 | Lair:1   | Found a hazy altar of Hepliaklqana.
 14277 | Lair:1   | Reached skill level 8 in Invocations
 15017 | Lair:2   | Reached XP level 13. HP: 72/82 MP: 19/19
 15190 | Lair:2   | Reached skill level 13 in Axes
 15197 | Lair:2   | Found a hole to the Spider Nest.
 15361 | Lair:2   | Found a staircase to the Shoals.
 16323 | Lair:3   | Found the +6 Majin-Bo {vamp, MP+6 Int+6}
 16622 | Lair:4   | Noticed Nessos
 16630 | Lair:4   | Killed Nessos
 16831 | Lair:4   | Reached skill level 8 in Dodging
 16915 | Lair:4   | Reached skill level 9 in Invocations
 17002 | Lair:4   | Reached skill level 10 in Armour
 17209 | Lair:4   | Learned a level 1 spell: Apportation
 17783 | Lair:5   | Reached skill level 11 in Fighting
 17942 | Lair:5   | Gained mutation: Your large and strong wings let you fly
                  | indefinitely. [Gargoyle growth]
 17942 | Lair:5   | Reached XP level 14. HP: 70/90 MP: 21/21
 18740 | Lair:5   | Found a viscous altar of Jiyva.
 18740 | Lair:5   | Found a staircase to the Slime Pits.
 18820 | Lair:6   | Entered Level 6 of the Lair of Beasts
 18877 | Lair:6   | Reached skill level 14 in Axes
 19474 | Lair:6   | Reached skill level 10 in Invocations
 19571 | Lair:6   | Found a burning altar of Makhleb.
 19591 | Lair:6   | Reached skill level 11 in Armour
 19817 | Lair:6   | Found a gateway to Hell.
 20167 | Lair:6   | Identified 3 scrolls of acquirement
 20321 | Lair:6   | Reached skill level 9 in Dodging
 21860 | Orc:1    | Entered Level 1 of the Orcish Mines
 21902 | Orc:1    | Noticed Jorgrun
 21914 | Orc:1    | Killed Jorgrun
 22336 | Orc:2    | Entered Level 2 of the Orcish Mines
 22351 | Orc:2    | Reached XP level 15. HP: 82/96 MP: 22/22
 22455 | Orc:2    | Reached skill level 12 in Fighting
 22950 | Orc:2    | Reached skill level 15 in Axes
 23376 | Orc:2    | Reached skill level 11 in Invocations
 23396 | Orc:2    | Found Ygecrokh's Magic Scroll Shoppe.
 23396 | Orc:2    | Found Ynusso's Antique Armour Boutique.
 23396 | Orc:2    | Found Kimes's Antique Armour Shop.
 23396 | Orc:2    | Found Atanaoq's Antique Weapon Shoppe.
 23719 | Orc:2    | Found Alashrua's Antique Armour Shop.
 23728 | Orc:2    | Found a staircase to the Elven Halls.
 23997 | Orc:1    | Noticed Nergalle
 24006 | Orc:1    | Killed Nergalle
 24417 | Orc:2    | Bought a glimmering helmet for 256 gold pieces
 24417 | Orc:2    | Identified the -2 helmet "Johuefen" {rPois} (You bought it
                  | in a shop on level 2 of the Orcish Mines)
 24448 | Orc:2    | Bought a helmet for 130 gold pieces
 24453 | Orc:2    | Bought a glowing plate armour for 754 gold pieces
 24600 | D:8      | Reached skill level 12 in Armour
 24777 | D:8      | Identified the ring "Loajoatz" {rCorr Str+2}
 24949 | Orc:2    | Bought a scroll of enchant armour for 97 gold pieces
 24949 | Orc:2    | Bought a scroll of enchant weapon for 97 gold pieces
 24949 | Orc:2    | Bought a scroll of enchant weapon for 97 gold pieces
 24952 | Orc:2    | Bought a distressingly furry chain mail for 275 gold pieces
 24952 | Orc:2    | Identified the +5 chain mail of Gallantry {Str+4} (You
                  | bought it in a shop on level 2 of the Orcish Mines)
 24974 | Orc:2    | Bought a masterwork chain mail for 247 gold pieces
 24974 | Orc:2    | Identified the +2 chain mail of the Armoured One {Harm rC+}
                  | (You bought it in a shop on level 2 of the Orcish Mines)
 24974 | Orc:2    | Bought a twisted chain mail for 247 gold pieces
 24974 | Orc:2    | Identified the +7 chain mail of the Known World {rPois
                  | Int+3 Dex+2} (You bought it in a shop on level 2 of the
                  | Orcish Mines)
 25037 | D:12     | Found Supso's Assorted Antiques.
 25052 | D:12     | Identified a scarf of resistance
 25057 | D:12     | Identified the +11 war axe of Nouraem {freeze, Int+2
                  | Stlth+}
 25069 | D:12     | Bought a clouded bronze amulet for 150 gold pieces
 25069 | D:12     | Identified the amulet "Ryclus" {Acrobat Will+} (You bought
                  | it in a shop on level 12 of the Dungeon)
 25069 | D:12     | Bought a scroll of enchant weapon for 225 gold pieces
 25153 | D:12     | Found a burning altar of Makhleb.
 25187 | D:12     | Found Fucem's Antique Armour Boutique.
 25228 | D:12     | Found Etrif's Antique Weapon Shoppe.
 25424 | D:12     | Found Raorey's General Store.
 25539 | D:12     | Found Ynnim's Weapon Shop.
 25819 | D:12     | Acquired 533 gold pieces
 25821 | D:12     | Acquired 1202 gold pieces
 25823 | D:12     | Bought the +1 cloak of Starlight {*Dazzle EV+4 Stlth--} for
                  | 762 gold pieces
 25823 | D:12     | Found the +1 cloak of Starlight {*Dazzle EV+4 Stlth--}
 26052 | D:3      | Killed kilomeow's ghost
 26735 | D:13     | Reached XP level 16. HP: 103/103 MP: 24/24
 26751 | D:13     | You are sucked into a shaft and drop 1 floor!
 26791 | D:14     | Reached skill level 10 in Dodging
 26982 | D:14     | You are sucked into a shaft and drop 1 floor!
 26982 | D:15     | Entered Level 15 of the Dungeon
 27130 | D:15     | Reached skill level 13 in Fighting
 27526 | D:15     | Reached skill level 16 in Axes
 27663 | D:15     | Found a staircase to the Depths.
 28203 | D:13     | Reached skill level 12 in Invocations
 28825 | Spider:1 | Entered Level 1 of the Spider Nest
 30801 | Spider:3 | Reached XP level 17. HP: 110/110 MP: 26/26
 30936 | Spider:3 | Reached skill level 1 in Shields
 31186 | Spider:3 | Noticed Bai Suzhen
 31202 | Spider:3 | Killed Bai Suzhen
 31203 | Spider:3 | Reached skill level 11 in Dodging
 31203 | Spider:3 | Reached skill level 2 in Shields
 31906 | Spider:4 | Entered Level 4 of the Spider Nest
 31942 | Spider:4 | Reached skill level 14 in Fighting
 31977 | Spider:4 | Reached skill level 17 in Axes
 32015 | Spider:4 | Reached skill level 13 in Invocations
 32027 | Spider:4 | Reached skill level 3 in Shields
 32472 | Spider:4 | Reached skill level 4 in Shields
 32480 | Spider:4 | Found the +0 mask of the Dragon {Will+ Slay+3 SInv}
 32833 | Spider:4 | Noticed Asterion
 32852 | Spider:4 | Noticed Arachne
 32854 | Spider:4 | Killed Asterion
 33200 | Spider:4 | Reached skill level 5 in Shields
 33272 | Spider:4 | Killed Arachne
 33458 | Spider:4 | Got a gossamer rune of Zot
 33625 | Shoals:1 | Entered Level 1 of the Shoals
 33853 | Shoals:1 | Found Alutz's Antique Weapon Shoppe.
 33903 | Shoals:1 | Found Xylumy's Weapon Shop.
 34091 | Shoals:1 | Found Baaveib's Distillery.
 34094 | Shoals:1 | Bought a potion of heal wounds for 85 gold pieces
 34094 | Shoals:1 | Bought a potion of resistance for 170 gold pieces
 34094 | Shoals:1 | Bought a potion of invisibility for 136 gold pieces
 34121 | Shoals:1 | Reached XP level 18. HP: 97/116 MP: 28/28
 34266 | Shoals:1 | Reached skill level 6 in Shields
 34698 | Shoals:1 | Bought the ring of the Sky {+Inv rElec rPois AC+4 Str+4}
                  | for 765 gold pieces
 34724 | Shoals:2 | Noticed Ilsuiw
 34741 | Shoals:2 | Reached skill level 18 in Axes
 34756 | Shoals:2 | Reached skill level 14 in Invocations
 34756 | Shoals:2 | Killed Ilsuiw
 34761 | Shoals:2 | Reached skill level 7 in Shields
 34901 | Shoals:2 | Found Impiuss's General Store.
 35163 | Shoals:2 | Reached skill level 8 in Shields
 35441 | Shoals:2 | Reached skill level 9 in Shields
 35480 | Shoals:2 | Reached skill level 10 in Shields
 35811 | Shoals:2 | Found Eryrchade's Distillery.
 35819 | Shoals:2 | Bought a potion of heal wounds for 60 gold pieces
 35844 | Shoals:2 | Found Nikyefef's Weapon Boutique.
 35853 | Shoals:2 | Acquired 992 gold pieces
 35855 | Shoals:2 | Bought the +14 obsidian axe {vorpal, *Drain +Fly SInv} for
                  | 1255 gold pieces
 35855 | Shoals:2 | Found the +14 obsidian axe {vorpal, *Drain +Fly SInv}
 35899 | Shoals:2 | Found Zunozuet's Weapon Shoppe.
 36466 | Shoals:3 | Reached skill level 11 in Shields
 37018 | Shoals:3 | Identified the +1 chain mail "Vuphibli" {+Inv}
 37121 | Lair:3   | Identified Bileqan's Reference Book on Igneous Evil Secrets
 37299 | Shoals:4 | Entered Level 4 of the Shoals
 37304 | Shoals:4 | Reached skill level 12 in Shields
 37507 | Shoals:4 | Reached skill level 13 in Shields
 37549 | Shoals:4 | Reached XP level 19. HP: 83/121 MP: 29/29
 37879 | Shoals:4 | Got a barnacled rune of Zot
 38273 | Shoals:4 | Reached skill level 14 in Shields
 38561 | Shoals:4 | Identified the +1 robe of Card Tricks {Str+3}
 39120 | D:14     | Found a gate to the Vaults.
 39246 | D:14     | Identified the +5 hunting sling of Retsof {speed, Fragile
                  | rElec Will++}
 39436 | D:14     | Identified the +7 dagger "Poirawn" {flame, rN+ Str-4
                  | Stlth+}
 39585 | Vaults:1 | Entered Level 1 of the Vaults
 39602 | Vaults:1 | Reached skill level 15 in Shields
 39622 | Vaults:1 | Noticed Saint Roka
 39641 | Vaults:1 | Killed Saint Roka
 39642 | Vaults:1 | Reached skill level 1 in Evocations
 39764 | Vaults:1 | Reached skill level 2 in Evocations
 39930 | Vaults:1 | Reached skill level 3 in Evocations
 39965 | Vaults:1 | Found a ruined gateway.
 39986 | Desolati | Entered the Desolation of Salt
 40032 | Desolati | Reached skill level 4 in Evocations
 40185 | Desolati | Identified the Almanac of Execration and Transmigration
 40188 | Desolati | Identified the Compendium of the Igneous Oath
 40196 | Desolati | Identified the +1 hand axe of Xuro {freeze, rN+ Str+3}
 40198 | Desolati | Identified the +10 short sword of Jighiuw {flame, Dex+5}
 40203 | Desolati | Identified the +1 ring mail of a sewer {Harm *Corrode rC+}
 40216 | Desolati | Reached XP level 20. HP: 128/128 MP: 30/30
 40319 | Desolati | Reached skill level 13 in Armour
 40346 | Desolati | Found the +7 sceptre of Torment {pain, torment}
 40360 | Desolati | Identified the amulet "Tiug" {Spirit Will+ Dex+3}
 40363 | Desolati | Identified the +1 scale mail of the Hurricane {Harm rPois}
 40581 | Desolati | Reached skill level 15 in Fighting
 40581 | Desolati | Reached skill level 5 in Evocations
 40598 | Desolati | Identified the ring of the Twisting Priest {rPois rC+ Str-2
                  | Int+3}
 41163 | Vaults:1 | Reached skill level 12 in Dodging
 41374 | Vaults:1 | Reached skill level 6 in Evocations
 41711 | Vaults:1 | Identified the +2 pair of boots of Polish {Int+4 Stlth+}
 41753 | Vaults:1 | Found a runed translucent gate.
 41753 | Vaults:1 | Found a runed translucent gate.
 41755 | Vaults:1 | Found a runed translucent gate.
 41757 | Vaults:1 | Noticed semitonal's ghost (adept GrEE)
 42057 | Vaults:1 | Reached skill level 14 in Armour
 42306 | Vaults:1 | Found an iron altar of Okawaru.
 42556 | Vaults:1 | Reached skill level 7 in Evocations
 42564 | Vaults:1 | Killed semitonal's ghost
 42578 | Vaults:1 | Identified the +2 leather armour of the Villain {-Tele
                  | rPois Dex+3}
 42625 | Vaults:2 | Noticed Nikola
 42637 | Vaults:2 | Killed Nikola
 42796 | Vaults:2 | Reached skill level 16 in Fighting
 42971 | Vaults:2 | Reached XP level 21. HP: 136/136 MP: 31/31
 42979 | Vaults:2 | Noticed Boris
 42995 | Vaults:2 | Killed Boris
 43265 | Vaults:2 | Noticed Xtahua
 43272 | Vaults:2 | Reached skill level 8 in Evocations
 43277 | Vaults:2 | Killed Xtahua
 43277 | Vaults:2 | Identified +2 fire dragon scales {Xtahua}
 43593 | Vaults:2 | You are sucked into a shaft and drop 2 floors!
 43593 | Vaults:4 | Found Umpiqocw's Weapon Shoppe.
 43788 | Vaults:4 | Reached skill level 15 in Armour
 43980 | Vaults:4 | Noticed a dread lich
 44005 | Vaults:4 | Killed a dread lich
 44006 | Vaults:4 | Reached skill level 17 in Fighting
 44038 | Vaults:4 | Reached skill level 13 in Dodging
 44943 | Vaults:4 | Identified a +0 tower shield of resistance
 44943 | Vaults:4 | Noticed Mennas
 44962 | Vaults:4 | Killed Mennas
 44963 | Vaults:4 | Reached skill level 16 in Armour
 44963 | Vaults:4 | Reached XP level 22. HP: 140/145 MP: 32/32
 45314 | Vaults:4 | Found Osutac's General Store.
 45322 | Vaults:4 | Bought a scroll of acquirement for 832 gold pieces
 45438 | Vaults:5 | Entered Level 5 of the Vaults
 45484 | Vaults:5 | Reached skill level 18 in Fighting
 45594 | Vaults:5 | Reached skill level 14 in Dodging
 45597 | Vaults:5 | Reached skill level 17 in Armour
 45946 | Vaults:5 | Found the ring of the Octopus King
 45976 | Vaults:5 | Identified a ring of the Octopus King {MP+9 AC+1 EV+1 Str+1
                  | Int+1 Dex+1}
 46553 | Vaults:5 | Reached XP level 23. HP: 153/153 MP: 33/33
 46665 | Vaults:5 | Got a silver rune of Zot
 46672 | Vaults:5 | Identified the ring "Zimnunej" {rF+ AC+4 Dex+2}
 46783 | Vaults:5 | Found the +3 robe of Folly {Archmagi, Will-- Int+5}
 46796 | Vaults:5 | Identified +0 storm dragon scales
 46803 | Vaults:5 | Identified +0 shadow dragon scales
 46988 | Vaults:5 | Noticed a golden dragon
 47005 | Vaults:5 | Killed a golden dragon
 47254 | Vaults:5 | Identified the +3 rapier "Xacuoh" {venom, Str+3 Dex+3}
 47675 | Vaults:3 | Reached skill level 19 in Fighting
 48218 | Vaults:3 | Reached skill level 18 in Armour
 48989 | Vaults:2 | Reached skill level 15 in Dodging
 49280 | Vaults:2 | Found a staircase to the Crypt.
 49913 | Elf:1    | Entered Level 1 of the Elven Halls
 49935 | Elf:1    | Found a radiant altar of Vehumet.
 49969 | Elf:1    | Noticed Donald
 49977 | Elf:1    | Killed Donald
 50530 | Elf:1    | Noticed Roxanne
 50542 | Elf:1    | Killed Roxanne
 50741 | Elf:1    | Reached XP level 24. HP: 162/162 MP: 33/33
 50769 | Elf:1    | Noticed Agnes
 50777 | Elf:1    | Killed Agnes
 51058 | Elf:2    | Found a shimmering blue altar of Sif Muna.
 51067 | Elf:2    | Found Sokyaba's Magic Scroll Boutique.
 51072 | Elf:2    | Bought a scroll of enchant armour for 127 gold pieces
 51072 | Elf:2    | Bought a scroll of acquirement for 884 gold pieces
 51072 | Elf:2    | Bought a scroll of blinking for 127 gold pieces
 51097 | Elf:2    | Found Ypsoim's General Store.
 51119 | Elf:2    | Found Imuj's Magic Scroll Emporium.
 51151 | Elf:2    | Bought a scroll of enchant armour for 127 gold pieces
 51151 | Elf:2    | Bought a scroll of blinking for 127 gold pieces
 51199 | Elf:2    | Acquired a manual of Evocations
 51530 | Elf:2    | Found a huge runed translucent gate.
 51532 | Elf:2    | Found a huge runed translucent gate.
 51538 | Elf:2    | Found a huge runed translucent gate.
 51539 | Elf:2    | Found a huge runed translucent gate.
 51539 | Elf:2    | Found a huge runed translucent gate.
 51792 | Elf:2    | Found a runed translucent door.
 51794 | Elf:2    | Noticed bmj180's ghost (adept SpEn)
 51957 | Elf:2    | Killed bmj180's ghost
 52036 | Elf:2    | Reached skill level 20 in Fighting
 52220 | Elf:2    | Noticed Azrael
 52223 | Elf:2    | Reached skill level 19 in Armour
 52234 | Elf:2    | Killed Azrael
 52238 | Elf:2    | Reached skill level 9 in Evocations
 52577 | Elf:3    | Entered Level 3 of the Elven Halls
 53139 | Elf:3    | Cast into level 2 of the Abyss (a deep elf sorcerer)
 53185 | Abyss:2  | Reached skill level 10 in Evocations
 53437 | Elf:3    | Escaped the Abyss
 53566 | Elf:3    | Reached skill level 16 in Dodging
 53629 | Elf:3    | Reached skill level 11 in Evocations
 53891 | Elf:3    | Identified the +3 buckler of Orthodoxy {*Drain rElec
                  | Regen+}
 53892 | Elf:3    | Identified the +8 chain mail of the Tick {-Cast rC++ Will+
                  | Int+3}
 53892 | Elf:3    | Identified the amulet of the Hart {rElec Will++ Regen+
                  | Int-4 Dex+2}
 54218 | Elf:3    | Reached XP level 25. HP: 164/169 MP: 33/33
 54222 | Elf:3    | Identified the +9 falchion "Citim" {speed, +Blink SInv}
 54222 | Elf:3    | Identified +0 acid dragon scales
 54302 | Elf:3    | Identified the +0 pair of gloves of Divine Compulsion {rF+
                  | Str+3}
 54317 | Elf:3    | Found the +7 Singing Sword {vorpal, sonic wave}
 55130 | Depths:1 | Entered Level 1 of the Depths
 55170 | Depths:1 | Identified the +2 war axe "Ohaiquwee" {pain, Stlth+}
 55197 | Depths:1 | Identified +0 fire dragon scales
 55276 | Depths:1 | Identified a +2 robe of resistance
 55325 | Depths:1 | Identified +0 fire dragon scales
 55451 | Depths:1 | Found a transporter.
 55457 | Depths:1 | Identified the +7 quick blade "Xisuezifal" {flame, MP+9}
 55457 | Depths:1 | Identified the +2 rapier "Sulokih" {flame, rElec Str+5}
 55457 | Depths:1 | Identified the +7 rapier "Qoge" {vorpal, Str+4 Stlth+}
 55457 | Depths:1 | Identified the +5 quick blade of Moptiloo {antimagic, rN+
                  | Will+ Int-5}
 55457 | Depths:1 | Noticed Anon1729's ghost (journeyman DgAE)
 55460 | Depths:1 | Found a transporter.
 55460 | Depths:1 | Noticed a juggernaut
 55461 | Depths:1 | Found a bloodstained altar of Trog.
 55461 | Depths:1 | Identified the +5 rapier "Fuodah" {antimagic, rElec rF+
                  | Stlth+}
 55461 | Depths:1 | Identified the +9 rapier of Ympausoch {antimagic, Int+5}
 55461 | Depths:1 | Identified the ring "Owkoick" {rElec rC- EV+4 Dex+9}
 55600 | Depths:1 | Reached skill level 12 in Evocations
 55613 | Depths:1 | Found a one-way gate to the infinite horrors of the Abyss.
 55913 | Depths:1 | Identified +0 fire dragon scales
 56121 | Depths:2 | Reached skill level 21 in Fighting
 56129 | Depths:2 | Reached skill level 20 in Armour
 56164 | Depths:2 | Found Asuzozam's Antique Weapon Shop.
 56218 | Depths:2 | Identified +0 fire dragon scales
 56455 | Depths:2 | Identified +0 fire dragon scales
 56459 | Depths:2 | Paralysed by a floating eye for 3 turns
 56696 | Depths:2 | Identified +0 fire dragon scales
 56697 | Depths:2 | Identified the +7 scimitar of Duriotu {venom, rPois Str+7}
 56945 | Depths:2 | Found a runed translucent door.
 56965 | Depths:2 | Identified the +4 short sword "Quisyz" {venom, Int+3 Dex+7}
 56966 | Depths:2 | Identified the +9 long sword "Ebre" {vamp, +Rage Str+6
                  | Int-2}
 57107 | Depths:2 | Identified the +7 scale mail of Taciud {+Blink rF++ Str+4
                  | Int-5}
 57114 | Depths:2 | Found a runed translucent door.
 57116 | Depths:2 | Found a runed translucent door.
 57691 | Depths:3 | Reached skill level 13 in Evocations
 57820 | Depths:3 | Found a one-way gate leading to the halls of Pandemonium.
 57930 | Depths:3 | Learned a level 4 spell: Manifold Assault
 58000 | Depths:3 | Reached XP level 26. HP: 135/177 MP: 33/33
 58208 | Depths:3 | Identified +0 storm dragon scales
 58220 | Depths:3 | Reached skill level 1 in Translocations
 58227 | Depths:3 | Identified +0 storm dragon scales
 58228 | Depths:3 | Reached skill level 1 in Spellcasting
 58787 | Depths:3 | Identified +0 ice dragon scales
 58788 | Depths:3 | Reached skill level 2 in Spellcasting
 58788 | Depths:3 | Reached skill level 2 in Translocations
 58794 | Depths:3 | Reached skill level 17 in Dodging
 58801 | Depths:3 | Identified +0 gold dragon scales
 59327 | Depths:3 | Reached skill level 3 in Spellcasting
 59340 | Depths:3 | Reached skill level 3 in Translocations
 59538 | Depths:4 | Reached skill level 16 in Shields
 59811 | Depths:4 | Reached skill level 4 in Translocations
 59818 | Depths:4 | Reached skill level 4 in Spellcasting
 59824 | Depths:4 | Reached skill level 21 in Armour
 59831 | Depths:4 | Found a shimmering blue altar of Sif Muna.
 59839 | Depths:4 | HP: 17/179 [caustic shrike (6)]
 59839 | Depths:4 | HP: 8/179 [acid (9)]
 59844 | Depths:4 | HP: 11/179 [acid (8)]
 59887 | Depths:4 | Reached skill level 22 in Fighting
 59994 | Depths:4 | Identified the +0 great sword "Gipuf" {venom, rPois rF-
                  | Int+5 Stlth+}
 60122 | Depths:4 | Reached skill level 14 in Evocations
 60122 | Depths:4 | Reached XP level 27. HP: 137/184 MP: 33/33
 60162 | Depths:4 | Identified +0 gold dragon scales
 60247 | Depths:4 | Identified the +3 leather armour of Contentment {rN++}
 60328 | Depths:4 | Reached skill level 5 in Translocations
 60410 | Depths:4 | Identified +0 gold dragon scales
 60418 | Depths:4 | Found a shimmering altar of Xom.
 60443 | Depths:4 | Paralysed by a floating eye for 2 turns
 60481 | Depths:4 | Found a hide-covered altar of Uskayaw.
 60481 | Depths:4 | Found a gateway to a ziggurat.
 60720 | Depths:4 | Found an opulent altar of Gozag.
 61076 | Depths:5 | Entered Level 5 of the Depths
 61159 | Depths:5 | Identified +0 storm dragon scales
 61179 | Depths:5 | Reached skill level 6 in Translocations
 61212 | Depths:5 | Found a gate to the Realm of Zot.
 61234 | Depths:5 | Noticed a juggernaut
 61241 | Depths:5 | Killed a juggernaut
 61242 | Depths:5 | Found Dotsic's Antique Weapon Emporium.
 61255 | Depths:5 | Found Bosyih's General Store.
 61255 | Depths:5 | Found Vareyc's Armour Emporium.
 61282 | Depths:5 | Found Napehumi's Assorted Antiques.
 61524 | D:12     | Bought a scroll of blinking for 120 gold pieces
 61525 | D:12     | Acquired the +3 Elemental Staff {rElec rF++ rC++ Will++
                  | AC+5}
 61526 | D:12     | Found the +3 Elemental Staff {rElec rF++ rC++ Will++ AC+5}
 61775 | Depths:5 | Bought a pair of embroidered boots for 292 gold pieces
 61775 | Depths:5 | Bought a runed tower shield for 292 gold pieces
 62307 | Zot:1    | Entered Level 1 of the Realm of Zot
 62340 | Zot:1    | Identified +0 storm dragon scales
 62341 | Zot:1    | Reached skill level 7 in Translocations
 62420 | Zot:1    | Identified +0 storm dragon scales
 62485 | Zot:1    | Reached skill level 8 in Translocations
 62836 | Zot:1    | Identified quicksilver dragon scales
 62837 | Zot:1    | Reached skill level 9 in Translocations
 63034 | Zot:1    | Noticed an orb of fire
 63051 | Zot:1    | Gained mutation: Your body sometimes deteriorates upon
                  | taking damage. [an orb of fire]
 63054 | Zot:1    | Killed an orb of fire
 63055 | Zot:1    | Reached skill level 10 in Translocations
 63278 | Zot:2    | Identified +0 gold dragon scales
 63766 | Zot:2    | Identified +0 shadow dragon scales
 63906 | Zot:2    | Identified +0 storm dragon scales
 63994 | Zot:2    | Found a transporter.
 63998 | Zot:2    | Noticed Jimaaf's ghost (adept DDFi)
 64000 | Zot:2    | Found a transporter.
 64218 | Zot:2    | Identified +0 storm dragon scales
 64219 | Zot:2    | Reached skill level 17 in Shields
 64225 | Zot:2    | Reached skill level 18 in Dodging
 64591 | Zot:2    | Identified the +5 plate armour of the Endless Expanse
                  | {rC++}
 64724 | Zot:3    | Noticed an orb of fire
 64729 | Zot:3    | Identified +0 storm dragon scales
 64731 | Zot:3    | Gained mutation: Your natural rate of healing is unusually
                  | fast. [an orb of fire]
 64738 | Zot:3    | Killed an orb of fire
 64739 | Zot:3    | Reached skill level 22 in Armour
 64749 | Zot:3    | Identified +0 shadow dragon scales
 64970 | Zot:3    | Noticed an orb of fire
 64970 | Zot:3    | Gained mutation: Scrolls take you a little longer to read.
                  | [an orb of fire]
 64985 | Zot:3    | Killed an orb of fire
 64986 | Zot:3    | Lost mutation: Your natural rate of healing is unusually
                  | fast. [potion of mutation]
 64986 | Zot:3    | Lost mutation: Your body sometimes deteriorates upon taking
                  | damage. [potion of mutation]
 64986 | Zot:3    | Lost mutation: Scrolls take you a little longer to read.
                  | [potion of mutation]
 64986 | Zot:3    | Gained mutation: Your movements are slightly less
                  | encumbered by armour. (ER -2) [potion of mutation]
 64986 | Zot:3    | Gained mutation: You have an increased reservoir of magic.
                  | (+10% MP) [potion of mutation]
 64986 | Zot:3    | Gained mutation: Your spells are a little harder to cast,
                  | but a little more powerful. [potion of mutation]
 65016 | Zot:3    | Reached skill level 11 in Translocations
 65046 | Zot:3    | Reached skill level 23 in Fighting
 65051 | Zot:3    | Identified +0 storm dragon scales
 65275 | Zot:3    | Noticed an orb of fire
 65293 | Zot:3    | Killed an orb of fire
 65994 | Zot:4    | Identified +0 storm dragon scales
 66100 | Zot:4    | Noticed an orb of fire
 66101 | Zot:4    | Lost mutation: You have an increased reservoir of magic.
                  | (+10% MP) [an orb of fire]
 66113 | Zot:4    | Gained mutation: Scrolls take you a little longer to read.
                  | [an orb of fire]
 66114 | Zot:4    | Gained mutation: You tend to lose your temper in combat.
                  | [an orb of fire]
 66116 | Zot:4    | Gained mutation: Your body sometimes deteriorates upon
                  | taking damage. [an orb of fire]
 66118 | Zot:4    | Killed an orb of fire
 66119 | Zot:4    | Reached skill level 18 in Shields
 66119 | Zot:4    | Lost mutation: Your body sometimes deteriorates upon taking
                  | damage. [potion of mutation]
 66119 | Zot:4    | Lost mutation: You tend to lose your temper in combat.
                  | [potion of mutation]
 66119 | Zot:4    | Lost mutation: Your spells are a little harder to cast, but
                  | a little more powerful. [potion of mutation]
 66119 | Zot:4    | Gained mutation: You can translocate small distances at
                  | will. [potion of mutation]
 66119 | Zot:4    | Gained mutation: You are partially covered in rugged brown
                  | scales. (AC +1, +3% HP) [potion of mutation]
 66119 | Zot:4    | Gained mutation: You tend to lose your temper in combat.
                  | [potion of mutation]
 66119 | Zot:4    | Gained mutation: Your flesh is cold resistant. (rC+)
                  | [potion of mutation]
 66120 | Zot:4    | Lost mutation: You are partially covered in rugged brown
                  | scales. (AC +1, +3% HP) [potion of mutation]
 66120 | Zot:4    | Lost mutation: You can translocate small distances at will.
                  | [potion of mutation]
 66120 | Zot:4    | Lost mutation: Scrolls take you a little longer to read.
                  | [potion of mutation]
 66120 | Zot:4    | Gained mutation: You are frail. (-10% HP) [potion of
                  | mutation]
 66120 | Zot:4    | Gained mutation: You evolve. [potion of mutation]
 66121 | Zot:4    | Lost mutation: You tend to lose your temper in combat.
                  | [potion of mutation]
 66121 | Zot:4    | Lost mutation: You are frail. (-10% HP) [potion of
                  | mutation]
 66121 | Zot:4    | Gained mutation: You can translocate small distances at
                  | will. [potion of mutation]
 66121 | Zot:4    | Gained mutation: You rapidly evolve. [potion of mutation]
 66121 | Zot:4    | Gained mutation: Your mind is acute. (Int +2) [potion of
                  | mutation]
 66160 | Zot:4    | Identified +0 gold dragon scales
 66285 | Zot:4    | Reached skill level 12 in Translocations
 66394 | Zot:4    | Gained mutation: You possess an exceptional clarity of
                  | mind. [evolution]
 66399 | Zot:4    | Noticed an orb of fire
 66400 | Zot:4    | Lost mutation: You can translocate small distances at will.
                  | [an orb of fire]
 66409 | Zot:4    | Lost mutation: You possess an exceptional clarity of mind.
                  | [an orb of fire]
 66415 | Zot:4    | Killed an orb of fire
 66639 | Zot:4    | Identified +0 storm dragon scales
 67650 | Zot:5    | Entered Level 5 of the Realm of Zot
 67663 | Zot:5    | Noticed a dread lich
 67663 | Zot:5    | Noticed an orb of fire
 67665 | Zot:5    | Noticed an ancient lich
 67669 | Zot:5    | Noticed a dread lich
 67672 | Zot:5    | Noticed an orb of fire
 67677 | Zot:5    | Killed a dread lich
 67678 | Zot:5    | Reached skill level 23 in Armour
 67680 | Zot:5    | Killed an orb of fire
 67683 | Zot:5    | Gained mutation: You are clumsy. (Dex -2) [an orb of fire]
 67685 | Zot:5    | Killed a dread lich
 67686 | Zot:5    | Reached skill level 19 in Dodging
 67687 | Zot:5    | Killed an ancient lich
 67691 | Zot:5    | Gained mutation: Potions are less effective at restoring
                  | your health. [an orb of fire]
 67694 | Zot:5    | Killed an orb of fire
 67695 | Zot:5    | Reached skill level 24 in Fighting
 67697 | Zot:5    | Reached skill level 19 in Shields
 67736 | Zot:5    | Noticed an orb of fire
 67742 | Zot:5    | Gained mutation: You do not regenerate when monsters are
                  | visible. [an orb of fire]
 67751 | Zot:5    | Killed an orb of fire
 67824 | Zot:5    | Noticed an orb of fire
 67832 | Zot:5    | Noticed a dread lich
 67835 | Zot:5    | Noticed an ancient lich
 67836 | Zot:5    | Gained mutation: Scrolls take you a little longer to read.
                  | [an orb of fire]
 67836 | Zot:5    | Noticed an ancient lich
 67837 | Zot:5    | Killed an orb of fire
 67851 | Zot:5    | Noticed an ancient lich
 67856 | Zot:5    | Killed an ancient lich
 67857 | Zot:5    | Paralysed by a dread lich for 4 turns
 67940 | Zot:5    | Identified +0 gold dragon scales
 68355 | Zot:5    | Found a runed translucent door.
 68355 | Zot:5    | Noticed HoaS's ghost (legendary DgGl)
 68459 | Zot:5    | Killed HoaS's ghost
 68585 | Zot:5    | Identified the +2 helmet "Viocyise" {Dex+2}
 68643 | Zot:5    | Gained mutation: You are partially covered in thin metallic
                  | scales. (AC +2) [evolution]
 68643 | Zot:5    | Lost mutation: You rapidly evolve. [decline of evolution]
 69273 | Zot:5    | Killed an ancient lich
 69279 | Zot:5    | Identified +0 gold dragon scales
 69359 | Zot:5    | Reached skill level 20 in Shields
 69383 | Zot:5    | Killed an ancient lich
 69384 | Zot:5    | Reached skill level 24 in Armour
 69481 | Zot:5    | Identified +0 shadow dragon scales
 69626 | Zot:5    | Killed a dread lich
 70301 | Slime:1  | Entered Level 1 of the Pits of Slime
 70786 | Slime:1  | Lost mutation: You are partially covered in thin metallic
                  | scales. (AC +2) [potion of mutation]
 70786 | Slime:1  | Lost mutation: Your flesh is cold resistant. (rC+) [potion
                  | of mutation]
 70786 | Slime:1  | Lost mutation: Scrolls take you a little longer to read.
                  | [potion of mutation]
 70786 | Slime:1  | Lost mutation: You are clumsy. (Dex -2) [potion of
                  | mutation]
 70786 | Slime:1  | Gained mutation: Your flesh is heat resistant. (rF+)
                  | [potion of mutation]
 70786 | Slime:1  | Gained mutation: You are covered in fur. (AC +1) [potion of
                  | mutation]
 70786 | Slime:1  | Gained mutation: You are surrounded by a mild repulsion
                  | field. (EV +2) [potion of mutation]
 72052 | Slime:2  | Lost mutation: Your mind is acute. (Int +2) [a shining eye]
 72059 | Slime:2  | Gained mutation: You are dopey. (Int -2) [a shining eye]
 72061 | Slime:2  | Gained mutation: You have a pair of small horns on your
                  | head. [a shining eye]
 73020 | Slime:3  | Reached skill level 25 in Fighting
 73348 | Slime:2  | Gained mutation: Your magical capacity is low. (-10% MP) [a
                  | shining eye]
 73349 | Slime:2  | Gained mutation: You are occasionally teleported next to
                  | monsters. [a shining eye]
 73727 | Slime:3  | Reached skill level 20 in Dodging
 73910 | Slime:4  | Gained mutation: Your magical capacity is very low. (-20%
                  | MP) [a shining eye]
 73997 | Slime:4  | Paralysed by a floating eye for 2 turns
 74359 | Slime:5  | Entered Level 5 of the Pits of Slime
 74678 | Slime:5  | Found a viscous altar of Jiyva.
 74679 | Slime:5  | Noticed the Royal Jelly
 74696 | Slime:5  | Killed the Royal Jelly
 75072 | Slime:5  | Found the +6 shillelagh "Devastator" {shatter}
 75184 | Slime:5  | Identified Huihia's Papyrus of Glacial Summoning
 75189 | Slime:5  | Identified the Collected Works on Clay and the Snowflakes
 75210 | Slime:5  | Identified the ring "Epuirap" {rF+ Int+6}
 75246 | Slime:5  | Identified the Almanac of Poison and Lightness
 75251 | Slime:5  | Got a slimy rune of Zot
 75589 | Slime:5  | Upgraded the game from 0.27-a0-631-g2d681adce0 to
                  | 0.27-a0-637-g3a9f0a9c12
 76139 | Crypt:1  | Entered Level 1 of the Crypt
 76242 | Crypt:1  | Reached skill level 21 in Shields
 76256 | Crypt:1  | Noticed Boris
 76267 | Crypt:1  | Killed Boris
 76706 | Crypt:1  | Identified +0 shadow dragon scales
 76706 | Crypt:1  | Noticed Margery
 76714 | Crypt:1  | Killed Margery
 76743 | Crypt:1  | Gained mutation: Your magical capacity is extremely low.
                  | (-30% MP) [a neqoxec]
 77499 | Crypt:2  | Reached skill level 25 in Armour
 77945 | Crypt:3  | Entered Level 3 of the Crypt
 78052 | Crypt:3  | Noticed Sojobo
 78055 | Crypt:3  | Found a staircase to the Tomb.
 78055 | Crypt:3  | Noticed Jory
 78067 | Crypt:3  | Killed Jory
 78416 | Crypt:3  | Killed Sojobo
 78420 | Crypt:3  | Reached skill level 26 in Fighting
 78540 | Crypt:3  | Lost mutation: Your magical capacity is extremely low.
                  | (-30% MP) [evolution]
 78755 | Crypt:3  | Identified Itziemuy's Collected Works on Darkness
 79245 | Crypt:3  | Identified the Handbook of the Venomous Frostbite
 79640 | Depths:1 | Reached skill level 21 in Dodging
 79640 | Depths:1 | Reached skill level 22 in Shields
 79650 | Depths:1 | Killed a juggernaut
 79651 | Depths:1 | Killed Anon1729's ghost
 80017 | Depths:1 | Acquired 597 gold pieces
 80027 | Depths:1 | Identified Oseruitt's Grimoire of Ensnaring Ignition
 80309 | Zot:2    | Identified quicksilver dragon scales
 80309 | Zot:2    | Identified quicksilver dragon scales
 80311 | Zot:2    | Identified +0 gold dragon scales
 80314 | Zot:2    | Identified +0 storm dragon scales
 80331 | Zot:2    | Killed Jimaaf's ghost
 80533 | Zot:2    | Identified +2 ice dragon scales
 80658 | Depths:4 | Voluntarily entered the Abyss.
 80688 | Abyss:1  | Upgraded the game from 0.27-a0-637-g3a9f0a9c12 to
                  | 0.27-a0-650-g8dd3ea4f36
 80695 | Abyss:1  | Found an opulent altar of Gozag.
 81140 | Abyss:2  | Noticed a dread lich
 81150 | Abyss:2  | Killed a dread lich
 81533 | Abyss:2  | Found a shimmering blue altar of Sif Muna.
 81725 | Abyss:2  | Identified the +7 great sword of Starshine {flame, +Fly
                  | rPois rC+ Dex-3}
 82043 | Abyss:3  | Identified the +2 cloak of the Frog {Str+2 Dex+2 SInv}
 82140 | Abyss:3  | Paralysed by accursed screaming for 1 turns
 82264 | Abyss:3  | Gained mutation: You are frail. (-10% HP) [a neqoxec]
 82418 | Abyss:3  | Gained mutation: Your magical capacity is extremely low.
                  | (-30% MP) [a neqoxec]
 82442 | Abyss:3  | Reached skill level 26 in Armour
 82610 | Abyss:3  | Got an abyssal rune of Zot
 82626 | Depths:4 | Escaped the Abyss
 82627 | Depths:4 | Upgraded the game from 0.27-a0-650-g8dd3ea4f36 to
                  | 0.27-a0-660-g90476cec82
 83275 | Hell     | Entered the Vestibule of Hell
 83275 | Hell     | Noticed Geryon
 83312 | Hell     | Killed Geryon
 83524 | Hell     | Found a gateway to the freezing wastes of Cocytus.
 83782 | Hell     | Found a gateway to the Iron City of Dis.
 83868 | Hell     | Found a gateway to the ashen valley of Gehenna.
 84173 | Hell     | Lost mutation: You are dopey. (Int -2) [evolution]
 84223 | Hell     | Found a gateway to the decaying netherworld of Tartarus.
 85173 | Pan      | Entered Pandemonium
 85206 | Pan      | Noticed Sinkuihu the pandemonium lord
 85216 | Pan      | Reached skill level 23 in Shields
 85246 | Pan      | Gained mutation: Your spells are a little easier to cast,
                  | but a little less powerful. [a neqoxec]
 85247 | Pan      | Killed Sinkuihu the pandemonium lord
 85265 | Pan      | Reached skill level 27 in Fighting
 86139 | Pan      | Gained mutation: You are dopey. (Int -2) [a neqoxec]
 86702 | Pan      | Entered the realm of Mnoleg.
 86704 | Pan      | Gained mutation: Your body sometimes deteriorates upon
                  | taking damage. [a shining eye]
 86706 | Pan      | Gained mutation: Armour fits poorly on your strangely
                  | shaped body. [a shining eye]
 86709 | Pan      | Gained mutation: You are very dopey. (Int -4) [a neqoxec]
 86713 | Pan      | Paralysed by a floating eye for 4 turns
 86721 | Pan      | Paralysed by a floating eye for 2 turns
 86808 | Pan      | Paralysed by a floating eye for 4 turns
 86844 | Pan      | Noticed Mnoleg
 86845 | Pan      | Gained mutation: Scrolls take you a little longer to read.
                  | [a shining eye]
 86847 | Pan      | Gained mutation: You are clumsy. (Dex -2) [a shining eye]
 86853 | Pan      | Gained mutation: Your body often deteriorates upon taking
                  | damage. [a cacodemon]
 86895 | Pan      | Killed Mnoleg
 87098 | Pan      | Got a glowing rune of Zot
 87165 | Pan      | Gained mutation: You are weak. (Str -2) [a cacodemon]
 87185 | Pan      | Gained mutation: You are very frail. (-20% HP) [a
                  | cacodemon]
 87189 | Pan      | Gained mutation: You are very clumsy. (Dex -4) [a
                  | cacodemon]
 87239 | Pan      | Gained mutation: Scrolls take you longer to read. [a
                  | neqoxec]
 87355 | Pan      | Reached skill level 22 in Dodging
 87357 | Pan      | Entered the realm of Lom Lobon.
 87373 | Pan      | Lost mutation: You are very frail. (-20% HP) [potion of
                  | mutation]
 87373 | Pan      | Lost mutation: Your body often deteriorates upon taking
                  | damage. [potion of mutation]
 87373 | Pan      | Lost mutation: You are very dopey. (Int -4) [potion of
                  | mutation]
 87373 | Pan      | Lost mutation: Scrolls take you longer to read. [potion of
                  | mutation]
 87374 | Pan      | Lost mutation: Your body sometimes deteriorates upon taking
                  | damage. [potion of mutation]
 87374 | Pan      | Lost mutation: Your spells are a little easier to cast, but
                  | a little less powerful. [potion of mutation]
 87374 | Pan      | Lost mutation: You are weak. (Str -2) [potion of mutation]
 87374 | Pan      | Lost mutation: You are very clumsy. (Dex -4) [potion of
                  | mutation]
 87374 | Pan      | Lost mutation: You are frail. (-10% HP) [potion of
                  | mutation]
 87375 | Pan      | Lost mutation: You are surrounded by a mild repulsion
                  | field. (EV +2) [potion of mutation]
 87375 | Pan      | Lost mutation: Scrolls take you a little longer to read.
                  | [potion of mutation]
 87375 | Pan      | Lost mutation: You are clumsy. (Dex -2) [potion of
                  | mutation]
 87501 | Pan      | Noticed Lom Lobon
 87526 | Pan      | Killed Lom Lobon
 87541 | Pan      | Got a magical rune of Zot
 87910 | Pan      | Noticed Poasasyl the pandemonium lord
 87970 | Pan      | Killed Poasasyl the pandemonium lord
 88204 | Pan      | Entered the realm of Cerebov.
 88272 | Pan      | Reached skill level 27 in Armour
 88473 | Pan      | Identified the ring "Xolic" {+Fly rC+}
 88596 | Pan      | Reached skill level 24 in Shields
 88826 | Pan      | Found the +6 sword of Cerebov {flame}
 88826 | Pan      | Noticed Cerebov
 88895 | Pan      | Killed Cerebov
 89495 | Pan      | Identified the +9 chain mail of Okawaru's Favour {rF+
                  | Str+4}
 89574 | Pan      | Identified the ring "Vociug" {rPois Str+4 Dex+6 Slay+2}
 89627 | Pan      | Identified the Papyrus of the Captivating Frostbite
 89663 | Pan      | Got a fiery rune of Zot
 89678 | Pan      | Identified the +0 ring mail "Hipi" {rCorr Str+2 Int+3}
 89694 | Pan      | Learned a level 2 spell: Passwall
 89738 | Pan      | Found an exit through the horrors of the Abyss.
 90229 | Pan      | Lost mutation: Your magical capacity is extremely low.
                  | (-30% MP) [evolution]
 90517 | Pan      | Entered the realm of Gloorx Vloq.
 91075 | Pan      | Reached skill level 25 in Shields
 91105 | Pan      | Reached skill level 23 in Dodging
 91353 | Pan      | Noticed Gloorx Vloq
 91365 | Pan      | Killed Gloorx Vloq
 91542 | Pan      | Got a dark rune of Zot
 91709 | Pan      | Found a transporter.
 92230 | Pan      | Gained mutation: You are partially covered in yellow
                  | scales. (AC +2) [a neqoxec]
 92608 | Pan      | Noticed Papnisoj the pandemonium lord
 92620 | Pan      | Killed Papnisoj the pandemonium lord
 92621 | Pan      | Reached skill level 24 in Dodging
 92835 | Pan      | Gained mutation: You are sometimes teleported next to
                  | monsters. [a neqoxec]
 93070 | Pan      | Found an exit through the horrors of the Abyss.
 93190 | Pan      | Found a huge runed translucent gate.
 93190 | Pan      | Found a huge runed translucent gate.
 93191 | Pan      | Found a huge runed translucent gate.
 93197 | Pan      | Found a huge runed translucent gate.
 93198 | Pan      | Found a huge runed translucent gate.
 93591 | Pan      | Gained mutation: You have sharp toenails. [evolution]
 93696 | Pan      | Identified a +0 crystal plate armour
 93696 | Pan      | Noticed Izxolep the pandemonium lord
 94276 | Pan      | Killed Izxolep the pandemonium lord
 94312 | Pan      | Got a demonic rune of Zot
 94586 | Pan      | Found an exit through the horrors of the Abyss.
 94602 | Pan      | Took an exit into the Abyss.
 94602 | Abyss:1  | Escaped into the Abyss
 94608 | Abyss:1  | Paralysed by accursed screaming for 1 turns
 94621 | Abyss:1  | Paralysed by accursed screaming for 2 turns
 94626 | Abyss:1  | Reached skill level 25 in Dodging
 94635 | Abyss:1  | Paralysed by accursed screaming for 2 turns
 94646 | Abyss:1  | HP: 15/199 [starcursed mass/accursed screaming (10)]
 94648 | Abyss:1  | HP: 7/199 [starcursed mass/accursed screaming (8)]
 94650 | Abyss:1  | Killed from afar by a starcursed mass

Vanquished Creatures
  Cerebov (Pan)
  the Royal Jelly (Slime:5)
  Gloorx Vloq (Pan)
  Mnoleg (Pan)
  4 dread liches
  Lom Lobon (Pan)
  10 orbs of fire
  3 ancient liches (Zot:5)
  Mennas (Vaults:4)
  The ghost of HoaS the Impregnable, a legendary DgGl (Zot:5)
  3 pandemonium lords (Pan)
  2 juggernauts
  Sojobo (Crypt:3)
  Boris (twice) (Vaults:2 Crypt:1)
  A Killer Klown (Zot:5)
  Saint Roka (Vaults:1)
  Bai Suzhen (Spider:3)
  Margery (Crypt:1)
  Xtahua (Vaults:2)
  3 curse toes
  12 golden dragons
  The ghost of Jimaaf the Impregnable, an adept DDFi of Uskayaw (Zot:2)
  6 caustic shrikes
  Geryon (Hell)
  Jory (Crypt:3)
  Nikola (Vaults:2)
  2 profane servitors
  4 bone dragons
  6 Brimstone Fiends (Pan)
  2 Tzitzimimeh (Pan)
  Arachne (Spider:4)
  4 electric golems
  22 tentacled monstrosities
  An Ice Fiend (Pan)
  13 liches
  Jorgrun (Orc:1)
  20 Orb Guardians (Zot:5)
  9 titans
  4 quicksilver dragons
  A Hell Sentinel (Pan)
  Asterion (Spider:4)
  6 deep elf blademasters
  6 death cobs
  17 acid blobs
  2 deep elf master archers (Elf:3)
  4 ancient champions
  The ghost of semitonal the Earth Mage, an adept GrEE of Cheibriados (Vaults:1)
  18 Executioners
  5 sphinxes
  9 tentacled starspawn
  2 draconian monks
  An eldritch tentacle (Pan)
  Ilsuiw (Shoals:2)
  Donald (Elf:1)
  Roxanne (Elf:1)
  31 storm dragons
  Agnes (Elf:1)
  15 tengu reavers
  9 shadow dragons
  4 revenants
  7 azure jellies
  11 fire giants
  5 draconian knights
  A daeva (Abyss:2)
  9 rockslimes
  4 draconian scorchers
  2 imperial myrmidons (Desolation)
  14 vault wardens
  The ghost of bmj180 the Unseen, an adept SpEn of Ashenzari (Elf:2)
  An orc warlord (Vaults:1)
  3 iron dragons
  9 ghouls
  A warmonger (Pan)
  29 balrugs
  3 emperor scorpions
  4 curse skulls
  8 ghost moths
  6 deep elf sorcerers
  17 frost giants
  5 draconian shifters
  An angel (Abyss:2)
  5 draconian annihilators
  14 cacodemons (Pan)
  2 draconian stormcallers
  7 deep elf elementalists
  2 spriggan defenders
  26 stone giants
  5 quicksilver oozes
  A caustic shrike skeleton (Depths:3)
  22 ironbound preservers
  2 blood saints (Pan)
  6 reapers
  The ghost of Anon1729 the Zephyrmancer, a journeyman DgAE (Depths:1)
  4 black suns (Pan)
  26 very ugly things
  2 war gargoyles
  Nessos (Lair:4)
  7 black draconians
  14 vampire knights
  2 deep elf demonologists (Elf:3)
  6 green draconians
  Azrael (Elf:2)
  3 entropy weavers
  7 red draconians
  5 corrupters (Pan)
  7 purple draconians
  A halazid warlock (Desolation)
  8 merfolk javelineers
  12 lorocyprocas
  13 white draconians
  9 yellow draconians
  5 deep elf annihilators
  7 spark wasps
  A minotaur (Vaults:1)
  16 ettins
  7 deep elf death magi
  A crystal guardian (Abyss:3)
  6 eidola
  13 blizzard demons
  10 green deaths
  A shambling mangrove (Abyss:1)
  A spectral quicksilver dragon (Crypt:3)
  15 fire dragons
  14 deep elf high priests
  6 ragged hierophants (Desolation)
  10 merfolk impalers
  19 jiangshi
  8 servants of whispers
  10 rakshasas
  A kraken zombie (Hell)
  13 yaktaur captains
  5 ironbound thunderhulks
  11 hydras
  3 quicksilver dragon skeletons
  A naga warrior (Vaults:1)
  6 ogre magi
  7 peacekeepers (Desolation)
  A hell beast (Lair:6)
  19 great orbs of eyes
  44 vault guards
  4 boulder beetles
  12 ice dragons
  3 monstrous demonspawn (Pan)
  A juggernaut simulacrum (Pan)
  2 merfolk avatars
  3 alligator snapping turtles
  10 centaur warriors
  9 ironbound frosthearts
  24 two-headed ogres
  7 merfolk aquamancers
  7 spriggan air magi
  31 dancing weapons
  9 deep troll shamans
  4 satyrs
  22 tengu warriors
  4 death knights
  4 hell hogs
  7 vampire magi
  An orc high priest (Orc:2)
  2 ironbound beastmasters
  5 thrashing horrors
  2 deep troll earth magi
  3 death yaks (Lair:6)
  55 sun demons
  15 spriggan berserkers
  Nergalle (Orc:1)
  18 hell knights
  34 soul eaters
  18 deep elf knights
  13 wretched stars
  3 titan skeletons
  7 iron trolls
  36 skeletal warriors
  10 shadow wraiths
  16 sixfirhies
  A fire crab (shapeshifter) (D:15)
  A storm dragon skeleton (Crypt:3)
  4 spatial maelstroms
  A golden dragon zombie (Hell)
  An entropy weaver zombie (Crypt:1)
  44 large abominations
  3 unseen horrors
  An unseen horror (shapeshifter) (Depths:5)
  76 deep trolls
  A death drake (shapeshifter) (Vaults:5)
  A death drake (Abyss:2)
  8 flayed ghosts
  A gelid demonspawn (Pan)
  8 glowing orange brains
  A quicksilver dragon simulacrum (Depths:4)
  18 sea snakes
  An anaconda zombie (Hell)
  4 shadow demons (Pan)
  A torturous demonspawn (Pan)
  A swamp dragon (Vaults:1)
  A bog body (Crypt:1)
  6 deep elf archers
  23 ironbound convokers
  2 golden dragon skeletons
  14 wizards
  An obsidian statue (D:8)
  13 orc knights
  7 harpies
  2 infernal demonspawn (Pan)
  5 lindwurms
  15 phantasmal warriors
  24 deep elf pyromancers
  22 deep elf zephyrmancers
  2 shadow dragon zombies
  An orb spider (shapeshifter) (Depths:3)
  10 necromancers
  7 cyclopes
  15 orb spiders
  6 oklob plants
  5 orc sorcerers
  45 ugly things
  27 wolf spiders
  11 shining eyes
  31 moths of wrath
  2 iron dragon zombies
  A stone giant skeleton (Abyss:3)
  A manticore (shapeshifter) (Vaults:2)
  A moth of wrath (shapeshifter) (D:15)
  17 fauns
  5 worldbinders
  15 manticores
  2 will-o-the-wisps
  An iron dragon skeleton (Depths:4)
  25 elephants
  8 merfolk sirens
  3 guardian serpents (shapeshifter)
  10 rust devils
  6 water nymphs
  An elephant (shapeshifter) (Vaults:5)
  An elf zombie (Depths:4)
  6 ice statues
  13 orange demons
  18 vault sentinels
  A frost giant skeleton (Pan)
  A black mamba (Lair:1)
  5 molten gargoyles
  2 eyes of devastation (Pan)
  26 smoke demons
  A cane toad (shapeshifter) (D:15)
  A gargoyle (D:13)
  An elephant slug zombie (Crypt:1)
  20 cane toads
  3 torpor snails
  An eye of devastation (shapeshifter) (Vaults:5)
  8 rime drakes
  7 hellions
  7 komodo dragons
  16 hellwings
  A human zombie (Vaults:5)
  28 yaktaurs
  3 kobold demonologists
  2 dire elephant skeletons (Pan)
  3 tormentors (Pan)
  23 demonic crawlers
  9 efreet
  29 red devils
  12 freezing wraiths
  A catoblepas skeleton (Pan)
  13 ice devils
  7 ancient zymes
  27 merfolk
  7 meliai
  9 tengu conjurers
  2 queen bees
  16 trolls
  6 wind drakes
  40 jumping spiders
  11 hornets
  2 polar bears
  Grinder (D:5)
  104 slime creatures
  17 raiju
  51 saltlings
  5 blink frogs (Lair:5)
  3 hydra skeletons (Pan)
  7 snapping turtles
  A harpy skeleton (Crypt:2)
  A fire giant simulacrum (Crypt:3)
  79 redbacks
  A satyr skeleton (Crypt:2)
  3 air elementals
  An ice dragon skeleton (Pan)
  56 flying skulls
  12 wraiths
  6 basilisks
  24 water elementals
  41 ynoxinuls
  2 ettin skeletons (Pan)
  5 spriggans
  29 tarantellas
  10 shadows
  53 starcursed masses
  4 wyverns
  12 fire elementals
  43 yaks
  A black mamba skeleton (Pan)
  22 neqoxecs
  6 fire bats
  2 golden eyes (Pan)
  16 chaos spawn
  A steam dragon (D:11)
  2 elf skeletons
  3 vampire mosquitoes (D:15)
  3 wargs
  4 spatial vortices (Abyss:1)
  An orb spider zombie (Crypt:1)
  A spriggan simulacrum (Depths:3)
  Duvessa (D:5)
  A cane toad zombie (Hell)
  6 floating eyes
  24 hell hounds
  A hydra simulacrum (Hell)
  18 water moccasins
  2 ettin simulacra (Depths:4)
  3 ice beasts
  A cane toad skeleton (Pan)
  27 orc warriors
  3 sky beasts
  Purgy (Sewer)
  2 black bears
  An ogre (shapeshifter) (D:15)
  A black mamba simulacrum (Abyss:2)
  7 necrophages
  15 wolves
  36 ogres
  4 phantoms
  The ghost of kilomeow the Magician, an amateur GnWn of Kikubaaqudgha (D:3)
  7 boggarts
  A snapping turtle skeleton (Pan)
  6 centaurs
  A hog skeleton (Crypt:2)
  12 small abominations
  20 bullfrogs
  3 kobold brigands
  Blork the orc (D:5)
  A bullfrog (shapeshifter) (Vaults:5)
  2 wyvern zombies (D:8)
  Dowan (D:5)
  A human skeleton (Vaults:5)
  An earth elemental (Elf:1)
  7 scorpions
  A spriggan zombie (Crypt:2)
  2 polar bear zombies (Crypt:1)
  A spriggan skeleton (Pan)
  25 killer bees
  19 wights
  9 howler monkeys
  8 electric eels
  5 bullfrog zombies
  5 crimson imps
  7 lava snakes (Volcano)
  13 hounds
  7 jellies
  3 quasits
  Crazy Yiuf (D:5)
  10 orc priests
  A bullfrog skeleton (D:6)
  5 centaur skeletons
  An iron imp (Abyss:1)
  Terence (D:2)
  3 iguanas
  21 orc wizards
  14 worker ants
  2 hell rats (Hell)
  2 hound skeletons
  A howler monkey zombie (D:4)
  5 worker ant zombies
  A howler monkey skeleton (D:6)
  12 adders
  3 shadow imps
  2 white imps
  An ufetubus (D:7)
  An ooze (D:3)
  2 adder zombies (D:4)
  4 adder skeletons
  4 worms
  2 dart slugs
  6 leopard geckos
  73 orcs
  6 giant cockroaches
  6 goblins
  4 hobgoblins
  18 jackals
  26 kobolds
  5 quokkas
  A ball python skeleton (D:4)
  10 bats
  5 frilled lizards
  A quokka zombie (D:4)
  11 rats
  3 ball lightnings (Pan)
  A butterfly (D:6)
  8 fire vortices (Pan)
  15 starspawn tentacles
  2 tentacles (Hell)
3528 creatures vanquished.

Vanquished Creatures (collateral kills)
  A dread lich (Abyss:2)
  An ancient lich (Zot:5)
  A Killer Klown (Zot:5)
  A golden dragon (Zot:5)
  An electric golem (Zot:5)
  A tentacled monstrosity (Zot:3)
  2 deep elf blademasters
  A quicksilver dragon (Zot:4)
  5 Orb Guardians (Zot:5)
  2 death cobs
  An Executioner (Pan)
  4 acid blobs
  4 storm dragons
  A fire giant (Depths:3)
  3 orc warlords
  A cacodemon (Pan)
  2 balrugs (Pan)
  A draconian shifter (Zot:4)
  2 vault wardens
  A deep elf elementalist (Elf:3)
  A curse skull (Pan)
  A reaper (Hell)
  A draconian annihilator (Zot:5)
  3 ghouls
  4 very ugly things
  A spriggan defender (Depths:2)
  A blood saint (Pan)
  A vampire knight (Crypt:1)
  2 stone giants (Vaults:5)
  A green draconian (Zot:3)
  2 red draconians
  5 deep elf annihilators (Elf:3)
  A deep elf demonologist (Depths:4)
  2 entropy weavers
  A white draconian (Zot:5)
  A minotaur (Vaults:1)
  2 yellow draconians
  A black draconian (Zot:3)
  4 purple draconians
  A merfolk javelineer (Shoals:4)
  An eidolon (Crypt:2)
  2 ettins
  2 green deaths (Pan)
  3 fire dragons
  A ragged hierophant (Desolation)
  3 merfolk impalers (Shoals:4)
  A rakshasa (Depths:2)
  2 great orbs of eyes
  3 ice dragons
  4 deep elf high priests
  4 vault guards
  An ironbound thunderhulk (Vaults:3)
  3 hydras (Elf:3)
  2 peacekeepers
  A juggernaut simulacrum (Pan)
  An ironbound frostheart (Vaults:1)
  A monstrous demonspawn (Pan)
  An ogre mage (Vaults:5)
  A death knight (Crypt:2)
  A deep troll earth mage (Depths:1)
  5 tengu warriors (Depths:4)
  2 deep troll shamans (Depths:3)
  A vampire mage (Crypt:2)
  2 thrashing horrors
  An orc high priest (Elf:3)
  4 spriggan berserkers
  A deep elf knight (Vaults:1)
  A titan skeleton (Depths:4)
  4 soul eaters (Pan)
  5 skeletal warriors
  An iron troll (Zot:3)
  A sixfirhy (Pan)
  2 spatial maelstroms
  A glowing orange brain (Depths:5)
  A quicksilver dragon simulacrum (Depths:4)
  3 sea snakes (Shoals:4)
  2 infernal demonspawn (Pan)
  A deep troll (Vaults:1)
  3 deep elf archers
  2 wizards
  A deep elf pyromancer (Elf:1)
  A mana viper (Abyss:3)
  A phantasmal warrior (Crypt:2)
  2 oklob plants
  An ugly thing (Depths:3)
  A wolf spider (shapeshifter) (Depths:2)
  2 necromancers
  2 moths of wrath (Zot:3)
  A manticore (Shoals:3)
  2 deep elf zephyrmancers
  6 fauns (Shoals:4)
  3 shining eyes
  A guardian serpent (Desolation)
  A rust devil (Pan)
  An ice statue (Pan)
  3 merfolk sirens (Shoals:4)
  4 vault sentinels
  3 orange demons (Pan)
  2 smoke demons (Pan)
  6 yaktaurs
  A tengu conjurer (Depths:4)
  A catoblepas skeleton (Pan)
  14 red devils
  An anaconda simulacrum (Hell)
  An efreet (Abyss:3)
  A demonic crawler (Pan)
  An iron troll zombie (Crypt:1)
  A freezing wraith (Depths:4)
  A troll (Zot:3)
  A hydra zombie (Hell)
  4 merfolk (Shoals:4)
  An ancient zyme (Abyss:1)
  A meliai (Abyss:3)
  A hornet (Depths:4)
  15 slime creatures
  2 wind drakes (Shoals:4)
  3 raiju
  A snapping turtle (Shoals:4)
  7 saltlings
  A flying skull (Crypt:3)
  A black mamba zombie (Hell)
  3 water elementals (Shoals:4)
  A ynoxinul (Abyss:3)
  2 wraiths
  2 golden eyes (Slime:1)
  A fire elemental (Hell)
  4 neqoxecs
  A chaos spawn (Pan)
  A warg (Vaults:4)
  6 large abominations
  2 floating eyes
  An orc warrior (Elf:3)
  2 ettin simulacra (Depths:4)
  A necrophage (Crypt:2)
  A boggart (shapeshifter) (Depths:4)
  2 queen bee zombies (Crypt:2)
  3 small abominations
  An electric eel (Elf:3)
  A crimson imp (Pan)
  A quasit (Abyss:3)
  7 starcursed masses
  An iron imp (Abyss:2)
  An orc wizard (Vaults:1)
  A hell rat (Hell)
  An acid dragon skeleton (Crypt:2)
  A worker ant zombie (Crypt:2)
  3 white imps
  2 orcs
310 creatures vanquished.

Vanquished Creatures (others)
  A pandemonium lord (Pan)
  A fire giant (Zot:3)
  A blood saint (Pan)
  A quicksilver ooze (Slime:3)
  A very ugly thing (Depths:4)
  An ettin (Depths:2)
  4 blizzard demons (Pan)
  A merfolk impaler (Shoals:3)
  A rakshasa (Pan)
  A tengu warrior (Depths:4)
  2 deep elf knights (Elf:2)
  A glowing orange brain (Pan)
  A wizard (Lair:6)
  A necromancer (Crypt:1)
  A deep elf zephyrmancer (Elf:1)
  A moth of wrath (Zot:3)
  An ice statue (Pan)
  A hellwing (Pan)
  A jumping spider (Spider:4)
  A tarantella (Spider:4)
  A water elemental (Shoals:4)
  A fire elemental (Elf:2)
  A neqoxec (Pan)
  A hell hound (Elf:2)
  A crimson imp (Hell)
  2 hell rats (Hell)
  An orc (Orc:1)
  12 ball lightnings (Pan)
  2 blocks of ice (Pan)
  2 demonic plants (Pan)
  2 fire vortices (Pan)
  2 foxfires (Abyss:1)
  22 fungi
  234 plants
  16 starspawn tentacles
  2 tentacles (Hell)
  5 withered plants
331 creatures vanquished.

Grand Total: 4169 creatures vanquished
